 Dungeon Crawl Stone Soup version 0.24.1-14-gf8d2b509d9 (webtiles) character file.

Game seed: 13827057197761102643, levelgen mode: deterministic

1002368 Chiseanne the Evocator (level 27, -3/266 HPs)
             Began as a Gnoll Hunter on Apr 11, 2020.
             Was an Initiate of Gozag.
             Killed from afar by an orb of fire (30 damage)
             ... with a bolt of fire
             ... on level 5 of the Realm of Zot on May 25, 2020.
             The game lasted 08:13:23 (96798 turns).

Chiseanne the Evocator (Gnoll Hunter)              Turns: 96798, Time: 08:13:23

Health: -3/266     AC: 35    Str: 27    XL:     27
Magic:  25/47      EV: 24    Int: 33    God:    Gozag
Gold:   4043       SH: 35    Dex: 17    Spells: 4/67 levels left

rFire    + + .     SeeInvis +   a - +7 broad axe "Fauptaca" {chop, rF+ rC+ Stlth+}
rCold    + + +     Gourm    .   R - +18 shield of the Gong {rElec rN+ MR+ EV-5}
rNeg     + + +     Faith    .   (armour currently unavailable)
rPois    ∞         Spirit   .   c - +3 crown of Dyrovepreva {rElec Int+2 SInv}
rElec    +         Reflect  .   h - scarf {cloud immunity}
rCorr    .         Harm     .   (gloves currently unavailable)
MR       +++..     Rnd*Rage +   (boots currently unavailable)
Stlth    +++++++++.             t - amulet of Tublut {Acrobat Str+6 Int+5 SInv}
HPRegen  0.54/turn              I - ring "Atiugasa" {*Slow rElec rN++ Str+6 Slay+3}
MPRegen  0.30/turn              j - ring of Roolutum {rC++ Int+3 Slay+3}

@: statue-form, gold aura, studying Evocations, very slow
A: distributed training, fangs 1, berserk 1, blink, fire resistance 1, frail 1,
weak 1, subdued magic 2, strong nose
}: 10/15 runes: decaying, slimy, silver, abyssal, demonic, glowing, magical,
fiery, dark, gossamer
a: End Transformation, Blink, Potion Petition, Call Merchant, Bribe Branch,
Renounce Religion


You were on level 5 of the Realm of Zot.
You worshipped Gozag.
Gozag was most pleased with you.
You were not hungry.
You were a stone statue.
You visited 12 branches of the dungeon, and saw 58 of its levels.
You visited Pandemonium 1 time, and saw 12 of its levels.
You visited the Abyss 2 times.
You visited 1 ziggurat, and saw 18 of its levels.
You also visited: Trove, Ice Cave and Desolation.

You collected 49771 gold pieces.
You spent 25388 gold pieces at shops.
You paid 20340 gold pieces to Gozag.

Inventory:

Hand Weapons
 a - the +7 broad axe "Fauptaca" (weapon) {chop, rF+ rC+ Stlth+}
   (You bought it in a shop on level 3 of the Elven Halls)

   It inflicts extra damage upon your enemies.
   It protects you from fire.
   It protects you from cold.
   It makes you more stealthy.
 s - the +7 demon blade of Zeraa {vamp, +Inv rF+ Int+6}
   (You found it on level 9 of a ziggurat)

   It inflicts no extra harm, but heals its wielder when it wounds a living foe.
   It affects your intelligence (+6).
   It protects you from fire.
   It lets you turn invisible.
 B - the +9 hand crossbow of Traps {flame, +Blink rElec rC+++ SInv}
   (You found it on level 5 of the Pits of Slime)

   It causes projectiles fired from it to burn those they strike, causing extra
   injury to most foes and up to half again as much damage against particularly
   susceptible opponents.
   It renders you almost immune to cold.
   It insulates you from electricity.
   It lets you see invisible.
   It lets you blink.
 W - the +8 spear of Checkmate {drain, +Fly rElec Int+7}
   (You found it on level 5 of the Pits of Slime)

   A truly terrible weapon, it drains the life of those it strikes.
   It affects your intelligence (+7).
   It insulates you from electricity.
   It lets you fly.
Missiles
 r - 59 silver javelins {!*}
 E - 38 silver boomerangs {!*}
 O - 22 boomerangs of dispersal {!*}
 U - 7 throwing nets (quivered) {!*}
Armour
 c - the +3 crown of Dyrovepreva (worn) {rElec Int+2 SInv}
   (You bought it in a shop on level 15 of the Dungeon)

   It affects your intelligence (+2).
   It insulates you from electricity.
   It lets you see invisible.
 h - a scarf of cloud immunity (worn)
 k - a +2 pair of gloves of dexterity (melded)
 l - the +9 scales of the Dragon King (melded) {rPois rF+ rC+ MR+}
   (You found it on level 4 of the Depths)

   It protects you from fire.
   It protects you from cold.
   It protects you from poison.
   It affects your resistance to hostile enchantments.
 H - the +1 pair of boots of the Trout (melded) {rF+}
   (You bought it in a shop on level 10 of the Dungeon)

   It protects you from fire.
 R - the +18 shield of the Gong (worn) {rElec rN+ MR+ EV-5}
   (You bought it in a shop on level 8 of the Dungeon)

   It affects your evasion (-5).
   It insulates you from electricity.
   It protects you from negative energy.
   It affects your resistance to hostile enchantments.
Jewellery
 j - the ring of Roolutum (right hand) {rC++ Int+3 Slay+3}
   (You bought it in a shop on level 9 of the Dungeon)

   [ring of slaying]

   It affects your intelligence (+3).
   It affects your accuracy and damage with ranged weapons and melee attacks
   (+3).
   It greatly protects you from cold.
 t - the amulet of Tublut (around neck) {Acrobat Str+6 Int+5 SInv}
   (You bought it in a shop on level 1 of the Depths)

   [amulet of the acrobat]

   It helps you evade while moving and waiting.
   It affects your strength (+6).
   It affects your intelligence (+5).
   It lets you see invisible.
 I - the ring "Atiugasa" (left hand) {*Slow rElec rN++ Str+6 Slay+3}
   (You bought it in a shop on level 10 of the Dungeon)

   [ring of strength]

   It affects your strength (+6).
   It affects your accuracy and damage with ranged weapons and melee attacks
   (+3).
   It insulates you from electricity.
   It greatly protects you from negative energy.
   It may slow you when you take damage.
Wands
 e - a wand of scattershot (18)
 m - a wand of clouds (5)
 C - a wand of digging (3)
 F - a wand of disintegration (48)
 L - a wand of enslavement (2)
 P - a wand of paralysis (65)
 T - a wand of iceblast (45)
Scrolls
 b - 15 scrolls of fog
 g - 8 scrolls of teleportation
 v - 11 scrolls of identify
 x - 2 scrolls of summoning
 A - 3 scrolls of immolation
 G - 11 scrolls of magic mapping
 M - 10 scrolls of fear
 X - 18 scrolls of remove curse
 Y - 7 scrolls of silence
Potions
 i - 4 potions of magic
 n - 13 potions of brilliance
 o - 24 potions of curing
 z - 3 potions of heal wounds
 J - 3 potions of cancellation
 K - 2 potions of invisibility
 S - 3 potions of ambrosia
 V - 11 potions of flight
Books
 w - a manual of Evocations
Miscellaneous
 d - a lamp of fire
 q - 6 sacks of spiders
 u - a fan of gales
 D - a lightning rod (4/4)
 N - a phial of floods
 Q - 2 phantom mirrors
 Z - 5 boxes of beasts
Comestibles
 f - 44 rations


   Skills:
 + Level 21.1 Fighting
 + Level 20.8 Short Blades
 + Level 20.8 Long Blades
 + Level 20.8 Axes
 + Level 20.8 Maces & Flails
 + Level 20.8 Polearms
 + Level 20.8 Staves
 + Level 20.8 Slings
 + Level 20.8 Bows
 + Level 20.8 Crossbows
 + Level 21.8 Throwing
 + Level 20.8 Armour
 + Level 21.1 Dodging
 + Level 20.8 Stealth
 + Level 20.8 Shields
 + Level 21.1 Unarmed Combat
 + Level 20.8 Spellcasting
 + Level 18.0 Conjurations
 + Level 18.0 Hexes
 + Level 18.0 Charms
 + Level 18.0 Summonings
 + Level 18.0 Necromancy
 + Level 18.0 Translocations
 + Level 18.0 Transmutations
 + Level 18.0 Fire Magic
 + Level 18.0 Ice Magic
 + Level 18.0 Air Magic
 + Level 18.0 Earth Magic
 + Level 18.0 Poison Magic
 + Level 22.2 Invocations
 + Level 25.0 Evocations


You had 4 spell levels left.
You knew the following spells:

 Your Spells              Type           Power        Failure   Level  Hunger
a - Borgnjor's Vile Clut  Necr/Erth      #######...   0%          5    None
b - Ignition              Fire           #######...   1%          8    ####...
c - Fire Storm            Conj/Fire      #######...   41%         9    ######.
d - Glaciate              Conj/Ice       #######...   41%         9    ######.
e - Shroud of Golubria    Chrm/Tloc      ######       0%          2    None
f - Summon Lightning Spi  Summ/Air       #######.     0%          4    None
h - Passage of Golubria   Tloc           N/A          0%          4    None
i - Regeneration          Chrm/Necr      #######...   0%          3    None
l - Apportation           Tloc           ######       0%          1    None
m - Deflect Missiles      Chrm/Air       #######...   1%          6    None
n - Statue Form           Tmut/Erth      #######..    1%          6    None
o - Force Lance           Conj/Tloc      #######.     0%          4    None
p - Blink                 Tloc           N/A          0%          2    None

Your spell library contained the following spells:

 Spells                   Type           Power        Failure   Level  Hunger
 Animate Skeleton         Necr           N/A          0%          1    None
 Beastly Appendage        Tmut           ######       0%          1    None
 Confusing Touch          Hex            ######       0%          1    None
 Corona                   Hex            #######      0%          1    None
 Flame Tongue             Conj/Fire      #####        0%          1    None
 Freeze                   Ice            ####         0%          1    None
 Infusion                 Chrm           ####         0%          1    None
 Magic Dart               Conj           ####         0%          1    None
 Pain                     Necr           ####         0%          1    None
 Sandblast                Erth           ######       0%          1    None
 Shock                    Conj/Air       ####         0%          1    None
 Sting                    Conj/Pois      ####         0%          1    None
 Summon Butterflies       Summ           #######.     0%          1    None
 Summon Small Mammal      Summ           ####         0%          1    None
 Call Imp                 Summ           #######.     0%          2    None
 Corpse Rot               Necr           N/A          0%          2    None
 Ensorcelled Hibernation  Hex/Ice        ######       0%          2    None
 Passwall                 Tmut/Erth      #######.     0%          2    None
 Poisonous Vapours        Pois/Air       ######       0%          2    None
 Searing Ray              Conj           ######       0%          2    None
 Slow                     Hex            #######.     0%          2    None
 Song of Slaying          Chrm           #######.     0%          2    None
 Sticks to Snakes         Tmut           #######.     0%          2    None
 Sublimation of Blood     Necr           #######...   0%          2    None
 Swiftness                Chrm/Air       #######.     0%          2    None
 Throw Flame              Conj/Fire      ######       0%          2    None
 Call Canine Familiar     Summ           #######.     0%          3    None
 Confuse                  Hex            #######.     0%          3    None
 Conjure Flame            Conj/Fire      #######.     0%          3    None
 Dazzling Spray           Conj/Hex       ######       0%          3    None
 Gell's Gravitas          Tloc           #######...   0%          3    None
 Ignite Poison            Fire/Tmut/Pois #######.     0%          3    None
 Inner Flame              Hex/Fire       #######.     0%          3    None
 Lesser Beckoning         Tloc           #######...   0%          3    None
 Mephitic Cloud           Conj/Pois/Air  #######.     0%          3    None
 Ozocubu's Armour         Chrm/Ice       #######.     0%          3    None
 Portal Projectile        Hex/Tloc       ######       0%          3    None
 Recall                   Summ/Tloc      N/A          0%          3    None
 Spectral Weapon          Hex/Chrm       #######.     0%          3    None
 Spider Form              Tmut/Pois      #######...   0%          3    None
 Static Discharge         Conj/Air       #######.     0%          3    None
 Stone Arrow              Conj/Erth      ######       0%          3    None
 Summon Guardian Golem    Hex/Summ       #######.     0%          3    None
 Tukima's Dance           Hex            #######.     0%          3    None
 Vampiric Draining        Necr           #######...   0%          3    None
 Airstrike                Air            #######...   0%          4    None
 Animate Dead             Necr           N/A          0%          4    None
 Cause Fear               Hex            #######...   0%          4    None
 Fulminant Prism          Conj/Hex       #######...   0%          4    None
 Ice Form                 Ice/Tmut       #######.     0%          4    None
 Iskenderun's Mystic Bla  Conj           #######.     0%          4    None
 Leda's Liquefaction      Hex/Erth       #######...   0%          4    None
 Petrify                  Tmut/Erth      #######.     0%          4    None
 Sticky Flame             Conj/Fire      #######.     0%          4    None
 Summon Ice Beast         Ice/Summ       #######.     0%          4    None
 Throw Icicle             Conj/Ice       #######.     0%          4    None
 Agony                    Necr           #######.     0%          5    None
 Alistair's Intoxication  Tmut/Pois      #######.     0%          5    None
 Aura of Abjuration       Summ           #######...   0%          5    None
 Blade Hands              Tmut           #######...   0%          5    None
 Bolt of Magma            Conj/Fire/Erth #######...   0%          5    None
 Excruciating Wounds      Chrm/Necr      #######...   0%          5    None
 Fireball                 Conj/Fire      #######...   0%          5    None
 Irradiate                Conj/Tmut      #######...   0%          5    None
 Lee's Rapid Deconstruct  Erth           #######...   0%          5    None
 Lightning Bolt           Conj/Air       #######...   0%          5    None
 Metabolic Englaciation   Hex/Ice        #######...   0%          5    None
 Silence                  Hex/Air        #######...   0%          5    None
 Summon Demon             Summ           #######...   0%          5    None
 Summon Forest            Summ/Tloc      #######...   0%          5    None
 Summon Mana Viper        Hex/Summ       #######.     0%          5    None
 Yara's Violent Unravell  Hex/Tmut       #######...   0%          5    None
 Bolt of Cold             Conj/Ice       #######...   1%          6    None
 Bolt of Fire             Conj/Fire      #######...   1%          6    None
 Conjure Ball Lightning   Conj/Air       #######...   1%          6    None
 Darkness                 Hex            #######...   1%          6    None
 Freezing Cloud           Conj/Ice/Air   #######...   1%          6    None
 Hydra Form               Tmut           #######...   1%          6    None
 Invisibility             Hex            #######.     1%          6    None
 Iron Shot                Conj/Erth      #######...   1%          6    None
 Ozocubu's Refrigeration  Ice            #######...   1%          6    None
 Poison Arrow             Conj/Pois      #######...   1%          6    None
 Shadow Creatures         Summ           N/A          1%          6    None
 Simulacrum               Ice/Necr       #######...   1%          6    None
 Dragon Form              Tmut           #######...   1%          7    #......
 Haunt                    Necr/Summ      #######...   1%          7    #......
 Malign Gateway           Summ/Tloc      #######...   1%          7    #......
 Orb of Destruction       Conj           #######...   1%          7    #......
 Ring of Flames           Chrm/Fire      #######...   1%          7    #......
 Spellforged Servitor     Conj/Summ      #######...   1%          7    #......
 Summon Hydra             Summ           #######...   1%          7    #......
 Borgnjor's Revivificati  Necr           #######...   1%          8    ####...
 Chain Lightning          Conj/Air       #######...   1%          8    ####...
 Death's Door             Chrm/Necr      #######...   1%          8    ####...
 Discord                  Hex            #######...   1%          8    ####...
 Infestation              Necr           #######...   1%          8    ####...
 Lehudib's Crystal Spear  Conj/Erth      #######...   1%          8    ####...
 Necromutation            Tmut/Necr      #######...   1%          8    ####...
 Shatter                  Erth           #######...   41%         9    ######.
 Tornado                  Air            #######...   41%         9    ######.


Dungeon Overview and Level Annotations

Branches:
Dungeon (15/15)            Temple (1/1) D:4            Lair (6/6) D:10
  Swamp (4/4) Lair:4       Spider (4/4) Lair:3        Slime (5/5) Lair:5
    Orc (2/2) D:10            Elf (3/3) Orc:2        Vaults (5/5) D:13
  Crypt (3/3) Vaults:3       Tomb (0/3) Crypt:3      Depths (5/5) D:15
    Zot (5/5) Depths:5      IceCv (visited)         Desolation (visited)

Altars:
Ashenzari
Cheibriados
Dithmenos
Elyvilon
Fedhas
Gozag
Hepliaklqana
Kikubaaqudgha
Makhleb
Nemelex Xobeh
Okawaru
Qazlal
Ru
Sif Muna
Trog
Uskayaw
Vehumet
Wu Jian
Xom
Yredelemnul
Zin
The Shining One
Beogh
Jiyva
Lugonu

Shops:
D:8 *   D:9 =   D:10 (=[[   D:13 [!   D:15 =[=(=(=*   Orc:2 (:}   Elf:3 *(((
Vaults:1 [   Vaults:4 ([[   Zot:1 *   Depths:1 *=   Depths:4 =}}=

Portals:
Hell: Depths:1 Depths:2 Depths:3 Depths:4 Depths:5
Abyss: Depths:2 Depths:4
Pandemonium: Depths:3 Depths:4

Annotations:
Lair:3 exclusion: 2 oklob plants
Lair:5 1 runed translucent door, Luam's ghost, journeyman OpFi
Swamp:2 exclusion: 2 upstairs
Swamp:4 Mara
Spider:2 Bai Suzhen
Slime:3 exclusion: upstairs
Orc:2 3 runed translucent doors, kakkapete22's ghost, journeyman OpFi
Elf:2 3 runed translucent doors
Vaults:2 3 runed translucent doors, Kipt's ghost, adept SpFE
Crypt:1 Khufu
Zot:5 3 runed translucent doors, Yon's ghost, legendary GrFi


Innate Abilities, Weirdness & Mutations

Your experience applies equally to all skills.
You have very sharp teeth.
Your uncanny sense of smell can sniff out nearby items.
((You are partially covered in iridescent scales. (AC +2)))
You tend to lose your temper in combat.
You can translocate small distances at will.
Your flesh is heat resistant. (rF+)
You are frail. (-10% HP)
You are weak. (Str -2)
Your spells are easier to cast, but less powerful.


Message History

You cut the orb of fire into ribbons!!!
You destroy the orb of fire!
You slash the orb of fire! You barely miss the orb of fire.
The orb of fire glows red.
The bolt of fire hits you! You resist.
* * * LOW HITPOINT WARNING * * *
The orb of fire glows red.
The fireball explodes!
The fireball engulfs you!!! You resist.
* * * LOW HITPOINT WARNING * * *
The fireball engulfs the orb of fire.
The orb of fire completely resists.
The fireball engulfs the orb of fire.
The orb of fire completely resists.
Your blink will be uncontrolled - continue anyway?
The Orb prevents control of your translocation!
You blink.
As you read the scroll of blinking, it crumbles to dust.
The moth of wrath is no longer distracted by gold.
The orb of fire glows yellow.
The bolt of fire hits you!! You resist.
You die...
Your body crumbles into a pile of gold.

##*......L...## #...........#
##.........q.## #..........^..#
#.............##
#...............# ∆
▓▓▓########.########▓▓▓▓ ###
..####..##..q.#..####..## #.#
).##..###.#.#.q#8.*##...## #.# #
##....##L.####.*yd$§$.#..# #.###
##......#.# #.#...*$$##..####.#..
##.....#.###.##....####.........
##...##L.#..##...## ##........# #
##.###.....###..# #........## #
##.##.....##..## ##.....^...#
######....L.......####.....###...
...............#..........## ##..


You could see 3 orbs of fire, a yellow draconian and a moth of wrath.

Vanquished Creatures
  Cerebov (Pan)
  5 pandemonium lords
  Gloorx Vloq (Pan)
  Mnoleg (Pan)
  2 orbs of fire (Zot:5)
  4 juggernauts
  3 ancient liches
  4 greater mummies
  Sojobo (Vaults:3)
  Margery (Vaults:5)
  4 Killer Klowns
  3 curse toes
  Xtahua (Vaults:2)
  Saint Roka (Orc:2)
  Jory (Crypt:2)
  Arachne (Spider:2)
  7 bone dragons
  12 golden dragons
  4 Brimstone Fiends
  2 Tzitzimimeh (Pan)
  An electric golem (Zot:1)
  3 Ice Fiends
  3 Hell Sentinels
  16 tentacled monstrosities
  10 liches
  A hellephant (Abyss:1)
  Jorgrun (D:10)
  8 Orb Guardians (Zot:5)
  4 titans
  5 deep elf blademasters
  Asterion (Spider:1)
  25 acid blobs
  4 deep elf master archers
  6 sphinxes
  5 thorn hunters
  10 ancient champions
  19 Executioners (Pan)
  Kirke (Spider:3)
  6 death cobs
  10 draconian monks
  8 tentacled starspawn
  A storm dragon (shapeshifter) (Vaults:5)
  9 tengu reavers
  Roxanne (Spider:3)
  9 shadow dragons
  20 storm dragons
  19 azure jellies
  6 revenants
  A frost giant (shapeshifter) (Zig:9)
  8 frost giants
  6 ghost moths
  A ghost moth (shapeshifter) (Vaults:5)
  4 iron dragons
  2 blood saints (Pan)
  12 draconian knights
  11 deep elf sorcerers
  4 imperial myrmidons (Desolation)
  7 fire giants
  11 cacodemons
  15 vault wardens
  9 draconian scorchers
  3 orc warlords (Zig:14)
  8 emperor scorpions
  Aizul (Spider:3)
  19 balrugs
  7 draconian shifters
  5 deep elf elementalists (Elf:3)
  Louise (Elf:1)
  6 ghouls (Crypt:3)
  16 ironheart preservers
  5 curse skulls
  A reaper (Crypt:3)
  3 spriggan defenders
  23 stone giants
  A juggernaut skeleton (Zig:18)
  7 draconian annihilators
  6 draconian stormcallers
  19 very ugly things
  3 war gargoyles
  4 starcursed masses (Zig:11)
  Nessos (D:13)
  An entropy weaver (Vaults:1)
  6 lorocyprocas
  9 corrupters
  A black sun (Pan)
  6 deep elf demonologists
  14 green draconians
  13 deep elf annihilators
  19 white draconians
  16 spark wasps
  10 black draconians
  7 vampire knights
  A halazid warlock (Desolation)
  16 purple draconians
  18 red draconians
  5 dire elephants (Lair:6)
  3 merfolk javelineers (Zig:17)
  10 eidola
  16 yellow draconians
  6 blizzard demons
  4 merfolk impalers
  11 green deaths
  11 deep elf death magi
  2 crystal guardians (Desolation)
  23 ettins
  6 death oozes
  12 great orbs of eyes
  9 fire dragons
  9 jiangshi
  6 mummy priests
  9 ragged hierophants (Desolation)
  12 yaktaur captains
  6 deep elf high priests
  4 servants of whispers (Desolation)
  Erolcha (Orc:2)
  A hydra (shapeshifter) (Zig:15)
  2 spriggan air magi
  10 ice dragons
  A naga warrior (Zig:4)
  2 hell beasts
  24 vault guards
  18 hydras
  6 rakshasas
  3 monstrous demonspawn (Pan)
  A quicksilver dragon skeleton (Crypt:1)
  A catoblepas (shapeshifter) (Zig:10)
  3 shambling mangroves
  A catoblepas (Lair:6)
  10 peacekeepers (Desolation)
  3 merfolk aquamancers (Zig:17)
  An alligator snapping turtle (Zig:17)
  An anaconda (Lair:6)
  8 centaur warriors
  A two-headed ogre (shapeshifter) (Zig:16)
  2 death knights
  An alligator snapping turtle (shapeshifter) (Zig:9)
  10 death scarabs
  An alligator (shapeshifter) (Depths:5)
  41 two-headed ogres
  8 deep troll shamans
  A death yak (Lair:4)
  A hell hog (Depths:1)
  12 ogre magi
  10 alligators
  7 tengu warriors
  8 deep troll earth magi
  18 soul eaters (Pan)
  10 vampire magi
  2 thrashing horrors
  7 orc high priests
  A shock serpent (shapeshifter) (Zig:15)
  40 sun demons (Pan)
  Nergalle (D:10)
  2 spriggan berserkers
  A naga sharpshooter (Zig:4)
  17 deep elf knights
  5 wretched stars
  3 iron trolls
  11 shadow wraiths
  3 storm dragon zombies
  5 sixfirhies (Pan)
  5 hell knights (Vaults:5)
  16 skeletal warriors
  4 sea snakes (Zig:17)
  2 iron trolls (shapeshifter)
  2 titan skeletons
  A spectral emperor scorpion (Spider:4)
  33 large abominations
  3 unseen horrors
  11 glowing orange brains
  20 deep trolls
  2 infernal demonspawn (Pan)
  An anaconda zombie (Crypt:3)
  4 torturous demonspawn (Pan)
  2 gelid demonspawn (Pan)
  A sea snake (shapeshifter) (Zig:9)
  6 shadow demons (Pan)
  5 flayed ghosts
  A storm dragon skeleton (Zig:18)
  6 wizards
  A naga ritualist (Zig:4)
  6 swamp dragons
  15 ironbrand convokers
  16 deep elf archers
  2 golden dragon skeletons
  A shadow dragon zombie (Crypt:1)
  12 orc knights
  A lindwurm (shapeshifter) (Zig:15)
  A wolf spider zombie (Crypt:3)
  9 phantasmal warriors
  16 orc sorcerers
  30 ugly things
  7 shining eyes
  A wolf spider (shapeshifter) (Zig:15)
  8 orb spiders
  64 deep elf magi
  24 wolf spiders
  3 spectral wolf spiders (Spider:4)
  A frost giant zombie (Crypt:3)
  4 manticores
  2 shining eyes (shapeshifter) (Depths:1)
  8 necromancers
  A stone giant zombie (Vaults:4)
  36 moths of wrath
  2 sphinx skeletons
  2 salamanders (Depths:5)
  Maurice (D:9)
  2 iron dragon skeletons (Pan)
  7 elephants (Lair:6)
  6 cyclopes
  A spriggan zombie (Zig:13)
  15 vault sentinels
  A faun (shapeshifter) (Depths:2)
  3 guardian serpents
  2 water nymphs (shapeshifter)
  3 frost giant skeletons
  9 black mambas
  An eye of devastation (Slime:4)
  6 merfolk sirens (Zig:17)
  A black mamba (shapeshifter) (Depths:2)
  4 gargoyles
  Joseph (D:10)
  3 torpor snails
  A stone giant skeleton (Depths:2)
  3 water nymphs (Zig:17)
  29 smoke demons
  A spiny frog (shapeshifter) (Vaults:3)
  7 hellions
  A titan simulacrum (Vaults:4)
  12 spiny frogs
  19 orange demons
  2 dire elephant skeletons (Pan)
  A shock serpent skeleton (Crypt:3)
  7 komodo dragons
  A kobold demonologist (D:12)
  8 efreet
  A spectral redback (Spider:4)
  12 tormentors
  14 freezing wraiths
  37 yaktaurs
  20 demonic crawlers
  A redback zombie (Spider:4)
  5 rime drakes
  A yaktaur (shapeshifter) (Zig:10)
  A white draconian skeleton (Crypt:1)
  A green draconian skeleton (Crypt:3)
  A rime drake (shapeshifter) (Vaults:2)
  A harpy zombie (Crypt:3)
  9 guardian mummies
  20 hellwings
  3 catoblepas skeletons
  10 ice devils
  A human skeleton (Vaults:4)
  A grey draconian skeleton (Crypt:2)
  7 polar bears
  14 trolls
  20 red devils (Pan)
  19 merfolk (Zig:17)
  3 meliai (D:13)
  7 spectral jumping spiders (Spider:4)
  25 hornets
  A polar bear (shapeshifter) (Depths:4)
  Grinder (D:3)
  27 jumping spiders
  A shadow dragon simulacrum (Depths:2)
  8 tyrant leeches
  A harpy skeleton (D:15)
  14 blink frogs
  A spectral tarantella (Spider:4)
  120 slime creatures
  A wind drake (shapeshifter) (Depths:1)
  A hippogriff (shapeshifter) (Zig:15)
  A dream sheep (shapeshifter) (Zig:16)
  53 saltlings (Desolation)
  8 hippogriffs
  A hydra skeleton (Crypt:1)
  11 bog bodies
  2 jumping spider zombies (Spider:4)
  2 fire dragon zombies
  8 raiju
  3 tarantella zombies (Spider:4)
  A snapping turtle (shapeshifter) (Zig:6)
  3 snapping turtles (Zig:17)
  62 redbacks
  11 shadows
  14 spriggans
  An elf zombie (Zig:18)
  13 flying skulls
  24 tarantellas
  40 yaks
  An elf skeleton (Zig:13)
  21 water elementals
  3 vampires
  16 ynoxinuls
  A redback (shapeshifter) (Zig:15)
  2 spriggans (shapeshifter)
  7 air elementals
  3 fire elementals
  2 ice dragon skeletons (Pan)
  A wyvern (D:13)
  11 wraiths
  2 black mamba skeletons (Crypt:1)
  5 ushabtiu
  A hog (Spider:3)
  9 golden eyes
  A golden eye (shapeshifter) (Vaults:1)
  25 neqoxecs
  16 chaos spawn
  A basilisk (Lair:6)
  A basilisk (shapeshifter) (D:13)
  6 wargs
  A naga (Zig:4)
  25 vampire mosquitoes
  18 insubstantial wisps
  An acid dragon (Vaults:2)
  2 soldier ants (D:10)
  A swamp worm (shapeshifter) (Zig:10)
  An acid dragon (shapeshifter) (Vaults:5)
  13 swamp worms
  4 water moccasins
  2 floating eyes
  7 porcupines
  9 hell hounds
  4 phantoms
  2 swamp drakes (Swamp:4)
  2 sky beasts
  A snapping turtle zombie (Crypt:3)
  A hornet zombie (D:14)
  42 orc warriors
  A spectral hornet (Spider:4)
  10 eyes of draining
  An ice beast (D:11)
  A deep troll simulacrum (Zig:3)
  2 black bears
  11 necrophages
  3 wolves (Lair:2)
  An ettin simulacrum (Vaults:3)
  10 small abominations
  39 ogres
  An ogre (shapeshifter) (Vaults:5)
  A manticore skeleton (Pan)
  11 crocodiles
  32 centaurs
  4 big kobolds
  A bullfrog (shapeshifter) (Vaults:3)
  A salamander skeleton (Crypt:2)
  A gnoll sergeant (D:9)
  17 bullfrogs
  A wyvern zombie (Crypt:1)
  4 earth elementals
  4 scorpions
  A water moccasin skeleton (D:9)
  2 human simulacra
  4 killer bees (D:12)
  A howler monkey (D:10)
  11 wights
  7 electric eels
  9 crimson imps
  A quasit (D:10)
  2 bullfrog zombies
  A centaur zombie (Crypt:1)
  A black bear zombie (Crypt:2)
  15 hounds
  17 orc priests
  5 jellies
  A soldier ant zombie (Crypt:1)
  2 bullfrog skeletons
  3 iron imps
  Jessica (D:14)
  6 centaur skeletons
  An iguana (D:8)
  48 orc wizards
  3 hell rats (Lair:4)
  8 worker ants
  2 lightning spires (Abyss:4)
  A deep dwarf skeleton (Crypt:2)
  2 hound zombies
  A hound skeleton (D:6)
  7 mummies (Zig:18)
  Robin (D:2)
  10 gnolls
  13 adders
  5 river rats (Lair:4)
  2 shadow imps
  8 white imps
  7 ufetubi (IceCv)
  An ooze (D:4)
  An adder zombie (Crypt:3)
  A worm zombie (Crypt:2)
  5 worms
  3 dart slugs
  2 leopard geckos
  115 orcs
  7 giant cockroaches
  25 goblins
  9 hobgoblins
  23 jackals
  6 quokkas
  4 ball pythons
  6 bats
  6 frilled lizards
  A gnoll skeleton (Crypt:2)
  14 kobolds
  A leopard gecko skeleton (D:6)
  A leopard gecko zombie (Crypt:1)
  15 rats
  2 rat zombies
  5 briar patches (Swamp:3)
  2 fire vortices
  4 fungi
  5 plants
  A spectral weapon (D:10)
  6 starspawn tentacles
3260 creatures vanquished.

Vanquished Creatures (collateral kills)
  the Royal Jelly (Slime:5)
  A juggernaut (Vaults:5)
  2 acid blobs (Slime:5)
  A vault warden (Vaults:5)
  2 balrugs (Zig:13)
  A draconian scorcher (Zot:3)
  A draconian shifter (Depths:5)
  A deep elf elementalist (Elf:3)
  A draconian annihilator (Zot:2)
  A reaper (Zig:13)
  A black draconian (Depths:5)
  A corrupter (Pan)
  A purple draconian (Zot:2)
  A spark wasp (Depths:5)
  A yellow draconian (Zot:3)
  2 white draconians
  A fire dragon (Vaults:5)
  2 ettins (Depths:5)
  A deep elf high priest (Depths:5)
  A tengu warrior (Depths:5)
  A sun demon (Pan)
  2 soul eaters (Pan)
  2 infernal demonspawn (Pan)
  An ironbrand convoker (Vaults:5)
  A moth of wrath (Zot:3)
  A rust devil (Pan)
  A spiny frog (Swamp:4)
  A red devil (Zig:13)
  A hellwing (Pan)
  2 tyrant leeches
  A bog body (Swamp:4)
  3 slime creatures
  A hornet (Swamp:2)
  A redback (Spider:1)
  A neqoxec (Pan)
  2 chaos spawn (Pan)
  A swamp worm (Swamp:2)
  3 hell hounds (Zig:13)
  An ogre (Zig:14)
51 creatures vanquished.

Vanquished Creatures (others)
  Nikola (Vaults:3)
  A shadow dragon (Depths:5)
  A tengu reaver (Depths:5)
  A fire giant (Depths:5)
  A reaper (IceCv)
  2 stone giants
  A green draconian (Zot:4)
  2 blood saints (Pan)
  3 vault guards (Vaults:5)
  3 yaktaur captains
  An ogre mage (Vaults:3)
  A two-headed ogre (Vaults:3)
  4 sixfirhies (Pan)
  An orc knight (Zig:14)
  7 yaktaurs
  A hellwing (Pan)
  A hornet (Vaults:5)
  A raiju (Abyss:4)
  16 dancing weapons
  3 humans (Spider:3)
  A chaos spawn (Pan)
  4 white imps (IceCv)
  2 ufetubi (IceCv)
  10 ball lightnings (Pan)
  An orc (Vaults:5)
  A quokka (D:6)
  A briar patch (Swamp:3)
  A fire vortex (Zig:10)
  3 fungi
  19 plants
  10 spectral weapons
  14 starspawn tentacles
119 creatures vanquished.

Grand Total: 3430 creatures vanquished

Notes
Turn   | Place    | Note
-------+----------+-------------------------------------------
     0 | D:1      | Chiseanne the Gnoll Hunter began the quest for the Orb.
     0 | D:1      | Reached XP level 1. HP: 20/20 MP: 1/1
    28 | D:1      | Reached XP level 2. HP: 26/26 MP: 2/2
   225 | D:1      | Reached XP level 3. HP: 28/31 MP: 3/3
   529 | D:1      | Reached skill level 1 in Invocations
   712 | D:2      | Reached skill level 1 in Short Blades
   712 | D:2      | Reached skill level 1 in Long Blades
   712 | D:2      | Reached skill level 1 in Axes
   712 | D:2      | Reached skill level 1 in Maces & Flails
   712 | D:2      | Reached skill level 1 in Polearms
   712 | D:2      | Reached skill level 1 in Staves
   712 | D:2      | Reached skill level 1 in Slings
   712 | D:2      | Reached skill level 1 in Bows
   712 | D:2      | Reached skill level 1 in Crossbows
   712 | D:2      | Reached skill level 1 in Armour
   712 | D:2      | Reached skill level 1 in Shields
   712 | D:2      | Reached skill level 1 in Unarmed Combat
   712 | D:2      | Reached skill level 1 in Spellcasting
   712 | D:2      | Reached skill level 1 in Evocations
   712 | D:2      | Reached XP level 4. HP: 38/38 MP: 5/5
  1145 | D:2      | Reached skill level 1 in Conjurations
  1145 | D:2      | Reached skill level 1 in Hexes
  1145 | D:2      | Reached skill level 1 in Charms
  1145 | D:2      | Reached skill level 1 in Summonings
  1145 | D:2      | Reached skill level 1 in Necromancy
  1145 | D:2      | Reached skill level 1 in Translocations
  1145 | D:2      | Reached skill level 1 in Transmutations
  1145 | D:2      | Reached skill level 1 in Fire Magic
  1145 | D:2      | Reached skill level 1 in Ice Magic
  1145 | D:2      | Reached skill level 1 in Air Magic
  1145 | D:2      | Reached skill level 1 in Earth Magic
  1145 | D:2      | Reached skill level 1 in Poison Magic
  1462 | D:2      | Reached XP level 5. HP: 43/43 MP: 6/6
  1724 | D:2      | Found a burning altar of Makhleb.
  1780 | D:2      | Noticed Robin
  1796 | D:2      | Killed Robin
  1803 | D:2      | Reached XP level 6. HP: 12/50 MP: 8/8
  2618 | D:3      | Noticed Grinder
  2620 | D:3      | Paralysed by Grinder for 6 turns
  2724 | D:3      | Killed Grinder
  2724 | D:3      | Reached skill level 5 in Fighting
  2724 | D:3      | Reached skill level 5 in Dodging
  2724 | D:3      | Reached skill level 2 in Evocations
  2724 | D:3      | Reached XP level 7. HP: 44/56 MP: 8/10
  2926 | D:4      | Found a glowing golden altar of the Shining One.
  2956 | D:4      | Found a staircase to the Ecumenical Temple.
  3627 | D:5      | Entered Level 5 of the Dungeon
  3938 | D:5      | Reached XP level 8. HP: 63/63 MP: 10/12
  4016 | D:5      | Reached skill level 3 in Evocations
  4675 | D:6      | Found a hazy altar of Hepliaklqana.
  5229 | D:6      | Found a white marble altar of Elyvilon.
  5340 | D:6      | Reached XP level 9. HP: 67/69 MP: 14/14
  6339 | D:7      | Reached skill level 4 in Evocations
  6790 | D:8      | Learned a level 2 spell: Shroud of Golubria
  6794 | D:8      | Learned a level 3 spell: Confuse
  6798 | D:8      | Learned a level 3 spell: Regeneration
  6802 | D:8      | Learned a level 3 spell: Spectral Weapon
  7153 | D:8      | Found Jothucec's General Store.
  7579 | D:8      | Reached skill level 5 in Stealth
  7965 | D:9      | Noticed Maurice
  7979 | D:9      | Killed Maurice
  7979 | D:9      | Reached skill level 5 in Invocations
  7981 | D:9      | Noticed a troll
  7986 | D:9      | Killed a troll
  7986 | D:9      | Reached XP level 10. HP: 77/77 MP: 17/17
  8266 | D:9      | Found Qoighodgh's Jewellery Emporium.
  8383 | D:9      | Found a shattered altar of Ashenzari.
  8427 | D:10     | Entered Level 10 of the Dungeon
  8436 | D:10     | Found a portal to a secret trove of treasure.
  8504 | D:10     | Reached skill level 5 in Short Blades
  8504 | D:10     | Reached skill level 5 in Long Blades
  8504 | D:10     | Reached skill level 5 in Axes
  8504 | D:10     | Reached skill level 5 in Maces & Flails
  8504 | D:10     | Reached skill level 5 in Polearms
  8504 | D:10     | Reached skill level 5 in Staves
  8504 | D:10     | Reached skill level 5 in Slings
  8504 | D:10     | Reached skill level 5 in Bows
  8504 | D:10     | Reached skill level 5 in Crossbows
  8504 | D:10     | Reached skill level 5 in Armour
  8504 | D:10     | Reached skill level 5 in Shields
  8504 | D:10     | Reached skill level 5 in Unarmed Combat
  8504 | D:10     | Reached skill level 5 in Spellcasting
  8504 | D:10     | Reached skill level 5 in Evocations
  8955 | D:10     | Reached skill level 10 in Throwing
  9464 | D:10     | Noticed Nergalle
  9475 | D:10     | Killed Nergalle
  9653 | D:10     | Found a staircase to the Orcish Mines.
  9676 | D:10     | Found a staircase to the Lair.
  9769 | D:10     | Reached XP level 11. HP: 59/84 MP: 19/19
 10059 | D:10     | Found a radiant altar of Vehumet.
 10315 | D:10     | Killed an unseen horror
 10315 | D:10     | Reached skill level 6 in Evocations
 10666 | D:10     | Noticed Joseph
 10679 | D:10     | Killed Joseph
 10679 | D:10     | Reached skill level 5 in Conjurations
 10679 | D:10     | Reached skill level 5 in Hexes
 10679 | D:10     | Reached skill level 5 in Charms
 10679 | D:10     | Reached skill level 5 in Summonings
 10679 | D:10     | Reached skill level 5 in Necromancy
 10679 | D:10     | Reached skill level 5 in Translocations
 10679 | D:10     | Reached skill level 5 in Transmutations
 10679 | D:10     | Reached skill level 5 in Fire Magic
 10679 | D:10     | Reached skill level 5 in Ice Magic
 10679 | D:10     | Reached skill level 5 in Air Magic
 10679 | D:10     | Reached skill level 5 in Earth Magic
 10679 | D:10     | Reached skill level 5 in Poison Magic
 11141 | Temple   | Entered the Ecumenical Temple
 11334 | Temple   | Became a worshipper of Gozag Ym Sagoz the Greedy
 12621 | D:11     | Found a sacrificial altar of Ru.
 12623 | D:11     | Found a blossoming altar of Fedhas.
 12623 | D:11     | Found a glowing golden altar of the Shining One.
 12625 | D:11     | Found a shimmering altar of Xom.
 12625 | D:11     | Found a basalt altar of Yredelemnul.
 12625 | D:11     | Found a bloodstained altar of Trog.
 14178 | D:13     | Noticed Josephine
 14223 | D:13     | Bought an aquamarine-encrusted chain mail for 237 gold
                  | pieces
 14234 | D:13     | Identified the cursed +1 chain mail of the Heavens {rPois
                  | Str+3} (You bought it in a shop on level 13 of the Dungeon)
 14236 | D:13     | Bought a warped chain mail for 237 gold pieces
 14248 | D:13     | Identified the cursed +1 chain mail of Xaeczelae {Regen+
                  | Int+5} (You bought it in a shop on level 13 of the Dungeon)
 14758 | D:13     | Noticed a centaur warrior
 14771 | D:13     | Killed a centaur warrior
 14771 | D:13     | Reached XP level 12. HP: 67/93 MP: 22/22
 14982 | D:13     | Noticed Josephine
 14982 | D:13     | Josephine changed into Josephine the swamp worm
 14995 | D:13     | Killed Josephine the swamp worm
 15328 | D:13     | Reached skill level 7 in Evocations
 15545 | D:13     | Found Raxkuem's Distillery.
 15550 | D:13     | Bought a potion of might for 56 gold pieces
 15550 | D:13     | Bought 2 potions of haste for 280 gold pieces
 15550 | D:13     | Bought a potion of heal wounds for 70 gold pieces
 15557 | D:13     | Noticed Nessos
 15765 | D:13     | Killed Nessos
 15968 | D:13     | Noticed a vault guard
 16379 | D:13     | Killed a vault guard
 16820 | D:13     | Found a gate to the Vaults.
 17056 | D:14     | Noticed a two-headed ogre
 17075 | D:14     | Killed a two-headed ogre
 17629 | D:14     | Reached XP level 13. HP: 77/101 MP: 24/24
 17974 | D:13     | HP: 2/101 [meliai/divine providence (13)]
 18935 | D:14     | Noticed Jessica
 18945 | D:14     | Killed Jessica
 18956 | D:14     | Found a shimmering blue altar of Sif Muna.
 19014 | D:15     | Entered Level 15 of the Dungeon
 19127 | D:15     | Reached skill level 8 in Evocations
 20014 | D:15     | Found a stormy altar of Qazlal.
 20273 | Orc:1    | Entered Level 1 of the Orcish Mines
 20279 | Orc:1    | Paralysed by an orc sorcerer for 7 turns
 20282 | Orc:1    | Noticed Jorgrun
 20648 | D:10     | Killed Jorgrun
 21308 | Orc:1    | Noticed a stone giant
 21336 | Orc:1    | Killed a stone giant
 22088 | Orc:2    | Entered Level 2 of the Orcish Mines
 22151 | D:9      | Bought the ring of Roolutum {rC++ Int+3 Slay+3} for 1137
                  | gold pieces
 22227 | Orc:2    | Learned a level 3 spell: Vampiric Draining
 22469 | Orc:2    | Found a runed translucent gate.
 22469 | Orc:2    | Found a runed translucent gate.
 22469 | Orc:2    | Found a runed translucent gate.
 22471 | Orc:2    | Noticed kakkapete22's ghost (journeyman OpFi)
 22495 | Orc:2    | Reached XP level 14. HP: 109/109 MP: 26/26
 22872 | Orc:2    | Reached skill level 10 in Fighting
 22872 | Orc:2    | Reached skill level 10 in Dodging
 23026 | Orc:2    | Noticed Saint Roka
 23134 | Lair:1   | Entered Level 1 of the Lair of Beasts
 23156 | Lair:1   | Identified a scroll of acquirement
 23297 | D:8      | Bought a wand of disintegration (7) for 121 gold pieces
 23297 | D:8      | Bought a scroll of blinking for 82 gold pieces
 23863 | Lair:1   | Reached skill level 9 in Evocations
 25297 | D:10     | Bought the +1 pair of boots of the Trout {rF+} for 352 gold
                  | pieces
 25312 | D:10     | Learned a level 3 spell: Mephitic Cloud
 25463 | Lair:3   | Reached skill level 10 in Invocations
 25707 | Lair:3   | Found a hole to the Spider Nest.
 25865 | Lair:3   | Learned a level 3 spell: Static Discharge
 26620 | D:13     | Bought a potion of heal wounds for 70 gold pieces
 26620 | D:13     | Bought a potion of curing for 42 gold pieces
 26620 | D:13     | Bought a potion of curing for 42 gold pieces
 26620 | D:13     | Bought a potion of flight for 42 gold pieces
 27391 | Lair:4   | Found a staircase to the Swamp.
 28296 | Lair:5   | You fall into a shaft and drop 1 floor!
 28296 | Lair:6   | Entered Level 6 of the Lair of Beasts
 28491 | Lair:5   | Found a runed translucent door.
 28492 | Lair:5   | Noticed Luam's ghost (journeyman OpFi)
 28756 | Lair:5   | Found a frozen archway.
 28762 | IceCv    | Entered an ice cave
 28875 | IceCv    | Killed a reaper
 29393 | IceCv    | Identified the Tome of Poison and Hexes
 29398 | IceCv    | Learned a level 2 spell: Ensorcelled Hibernation
 29401 | IceCv    | Learned a level 2 spell: Slow
 29446 | IceCv    | Reached XP level 15. HP: 88/117 MP: 28/28
 30060 | Lair:5   | Found a runed translucent door.
 30061 | Lair:5   | Found a viscous altar of Jiyva.
 30061 | Lair:5   | Noticed an acid blob
 30062 | Lair:5   | Noticed an acid blob
 30063 | Lair:5   | Found a staircase to the Slime Pits.
 30063 | Lair:5   | Noticed an acid blob
 30755 | Lair:6   | Reached skill level 10 in Stealth
 31562 | Lair:6   | Learned a level 3 spell: Tukima's Dance
 31566 | Lair:6   | Learned a level 3 spell: Dazzling Spray
 32742 | D:10     | Bought the ring "Atiugasa" {*Slow rElec rN++ Str+6 Slay+3}
                  | for 1350 gold pieces
 32930 | D:15     | Paralysed by an orc sorcerer for 7 turns
 33314 | D:15     | Reached skill level 10 in Short Blades
 33314 | D:15     | Reached skill level 10 in Long Blades
 33314 | D:15     | Reached skill level 10 in Axes
 33314 | D:15     | Reached skill level 10 in Maces & Flails
 33314 | D:15     | Reached skill level 10 in Polearms
 33314 | D:15     | Reached skill level 10 in Staves
 33314 | D:15     | Reached skill level 10 in Slings
 33314 | D:15     | Reached skill level 10 in Bows
 33314 | D:15     | Reached skill level 10 in Crossbows
 33314 | D:15     | Reached skill level 10 in Armour
 33314 | D:15     | Reached skill level 10 in Shields
 33314 | D:15     | Reached skill level 10 in Unarmed Combat
 33314 | D:15     | Reached skill level 10 in Spellcasting
 33314 | D:15     | Reached skill level 10 in Evocations
 33330 | D:15     | Found a staircase to the Depths.
 33840 | D:13     | Bought a shimmering robe for 142 gold pieces
 33841 | D:13     | Identified the +2 robe of Hedging {rElec rC+ Str+2 Int+4}
                  | (You bought it in a shop on level 13 of the Dungeon)
 34096 | Orc:2    | Killed Saint Roka
 34278 | Orc:2    | Found a staircase to the Elven Halls.
 34351 | Orc:2    | Found Acyti's Distillery.
 34416 | Orc:2    | Bought a potion of brilliance for 56 gold pieces
 34416 | Orc:2    | Bought a potion of curing for 42 gold pieces
 34416 | Orc:2    | Bought a potion of berserk rage for 70 gold pieces
 34416 | Orc:2    | Bought a potion of curing for 42 gold pieces
 34416 | Orc:2    | Bought a potion of might for 56 gold pieces
 34416 | Orc:2    | Bought a potion of flight for 42 gold pieces
 34416 | Orc:2    | Bought a potion of agility for 56 gold pieces
 34416 | Orc:2    | Bought a potion of resistance for 140 gold pieces
 34416 | Orc:2    | Bought a potion of curing for 42 gold pieces
 34429 | Orc:2    | Found a radiant altar of Vehumet.
 34430 | Orc:2    | Noticed Erolcha
 34446 | Orc:2    | Killed Erolcha
 34449 | Orc:2    | Found Kunofi's Antique Weapon Boutique.
 34490 | Orc:2    | Found an ancient bone altar of Kikubaaqudgha.
 34588 | Orc:2    | Found a roughly hewn altar of Beogh.
 34635 | Orc:2    | Found Dueraete's Gadget Shop.
 34640 | Orc:2    | Found Yrokhlaze's Book Boutique.
 34643 | Orc:2    | Bought a sack of spiders for 320 gold pieces
 34643 | Orc:2    | Bought a sack of spiders for 320 gold pieces
 34643 | Orc:2    | Bought a wand of digging (4) for 256 gold pieces
 34808 | D:10     | Upgraded the game from 0.24.1-1-gd1d2a07e1b to
                  | 0.24.1-4-ge52af88ad5
 34956 | Swamp:1  | Entered Level 1 of the Swamp
 35359 | Swamp:2  | Reached XP level 16. HP: 61/125 MP: 13/30
 35588 | Swamp:3  | Noticed a thorn hunter
 35588 | Swamp:3  | Noticed a thorn hunter
 35681 | Swamp:2  | Killed a thorn hunter
 35788 | Swamp:2  | Killed a thorn hunter
 35805 | Swamp:3  | Noticed a thorn hunter
 35911 | Swamp:3  | Killed a thorn hunter
 36085 | Swamp:4  | Entered Level 4 of the Swamp
 36139 | Swamp:4  | HP: 5/126 [shambling mangrove (14)]
 36148 | Swamp:3  | HP: 4/126 [shambling mangrove (4)]
 36345 | Swamp:3  | Noticed a thorn hunter
 36392 | Swamp:4  | Killed a thorn hunter
 36997 | Swamp:4  | Noticed Mara
 37000 | Swamp:4  | Noticed Chiseanne's illusion
 37178 | Swamp:4  | Identified Sif Muna's Collected Works on Helpful Envenoming
 37187 | Swamp:4  | Learned a level 4 spell: Sticky Flame
 37299 | Swamp:4  | Noticed Chiseanne's illusion
 37314 | Swamp:4  | Noticed a tentacled monstrosity
 37557 | Spider:1 | Entered Level 1 of the Spider Nest
 37647 | Spider:1 | Reached skill level 11 in Evocations
 37785 | Spider:1 | Reached XP level 17. HP: 133/133 MP: 28/32
 37834 | Spider:1 | Noticed Asterion
 37838 | Spider:1 | Killed Asterion
 38120 | D:15     | Bought a faintly humming cloak for 437 gold pieces
 38120 | D:15     | Bought a polished shield for 437 gold pieces
 38120 | D:15     | Bought a creamy pearl robe for 262 gold pieces
 38124 | D:15     | Identified the +1 cloak "Vogekoh" {rN+ Str+5} (You bought
                  | it in a shop on level 15 of the Dungeon)
 38136 | D:15     | Identified the +5 shield of Qozol {+Inv Int-4 Dex+4} (You
                  | bought it in a shop on level 15 of the Dungeon)
 38158 | D:15     | Identified the cursed +1 robe of Ridyt {rF++ Regen+ Int-2
                  | Slay+3} (You bought it in a shop on level 15 of the
                  | Dungeon)
 38704 | Spider:2 | Noticed Arachne
 38744 | Spider:2 | Killed Arachne
 38995 | Spider:3 | Noticed Bai Suzhen
 39336 | Spider:3 | Identified Roxanne's Catalogue of Clay
 39336 | Spider:3 | Noticed Roxanne
 39358 | Spider:3 | Killed Roxanne
 39600 | Spider:3 | Noticed Kirke
 39716 | Spider:3 | Killed Kirke
 40030 | Spider:4 | Entered Level 4 of the Spider Nest
 40116 | Spider:4 | Noticed Aizul
 40143 | Spider:3 | Killed Aizul
 40733 | Spider:4 | Reached skill level 10 in Conjurations
 40733 | Spider:4 | Reached skill level 10 in Hexes
 40733 | Spider:4 | Reached skill level 10 in Charms
 40733 | Spider:4 | Reached skill level 10 in Summonings
 40733 | Spider:4 | Reached skill level 10 in Necromancy
 40733 | Spider:4 | Reached skill level 10 in Translocations
 40733 | Spider:4 | Reached skill level 10 in Transmutations
 40733 | Spider:4 | Reached skill level 10 in Fire Magic
 40733 | Spider:4 | Reached skill level 10 in Ice Magic
 40733 | Spider:4 | Reached skill level 10 in Air Magic
 40733 | Spider:4 | Reached skill level 10 in Earth Magic
 40733 | Spider:4 | Reached skill level 10 in Poison Magic
 40938 | Spider:4 | Reached XP level 18. HP: 141/141 MP: 28/33
 40945 | Spider:4 | Learned a level 5 spell: Borgnjor's Vile Clutch
 41815 | Spider:4 | Got a gossamer rune of Zot
 42369 | Swamp:4  | Reached skill level 12 in Evocations
 42398 | Swamp:3  | Killed a tentacled monstrosity
 42437 | Swamp:4  | Noticed Chiseanne's illusion
 42788 | Swamp:4  | Got a decaying rune of Zot
 43287 | D:15     | Bought the +3 crown of Dyrovepreva {rElec Int+2 SInv} for
                  | 1904 gold pieces
 43287 | D:15     | Found the +3 crown of Dyrovepreva {rElec Int+2 SInv}
 43516 | D:10     | Bought a +3 amulet of reflection for 235 gold pieces
 43647 | Vaults:1 | Entered Level 1 of the Vaults
 44267 | Vaults:1 | Found Dywy's Antique Armour Emporium.
 44287 | Vaults:1 | Bought a twisted shield for 351 gold pieces
 44288 | Vaults:1 | Identified the +4 shield of Monotheism {rPois rCorr Int+3}
                  | (You bought it in a shop on level 1 of the Vaults)
 44640 | Vaults:1 | Reached XP level 19. HP: 149/149 MP: 31/35
 45736 | Vaults:2 | Found a runed translucent gate.
 45736 | Vaults:2 | Found a runed translucent gate.
 45736 | Vaults:2 | Found a runed translucent gate.
 45736 | Vaults:2 | Noticed a lich
 45737 | Vaults:2 | Noticed Kipt's ghost (adept SpFE)
 45787 | Vaults:2 | Noticed Xtahua
 45804 | Vaults:2 | Killed Xtahua
 46154 | Vaults:3 | Noticed Nikola
 46171 | Vaults:3 | Killed Nikola
 46464 | Vaults:3 | Found a staircase to the Crypt.
 46464 | Vaults:3 | Found a basalt altar of Yredelemnul.
 46465 | Vaults:3 | Found an ancient bone altar of Kikubaaqudgha.
 46567 | Vaults:3 | Noticed Sojobo
 46592 | Vaults:3 | Killed Sojobo
 47320 | Vaults:4 | Reached XP level 20. HP: 155/157 MP: 36/36
 47335 | Vaults:4 | Reached skill level 15 in Throwing
 47337 | Vaults:4 | Reached skill level 13 in Evocations
 48078 | Vaults:4 | Found Gozag's Antique Weapon Shop.
 48079 | Vaults:4 | Found Gozag's Antique Armour Boutique.
 48106 | Vaults:4 | Found an opulent altar of Gozag.
 48113 | Vaults:4 | Bought a bloodstained broad axe for 900 gold pieces
 48120 | Vaults:4 | Identified the +0 broad axe of Dithmenos's Reproof
                  | {antimagic, Str+5} (You bought it in a shop on level 4 of
                  | the Vaults)
 48129 | Vaults:4 | Bought a fine war axe for 850 gold pieces
 48129 | Vaults:4 | Bought a pitted hunting sling for 650 gold pieces
 48130 | Vaults:4 | Identified the +8 war axe "Orb Guardian's Foe" {chaos,
                  | Str+2} (You bought it in a shop on level 4 of the Vaults)
 48131 | Vaults:4 | Identified the +8 hunting sling "Nube" {venom, -Tele rElec
                  | Int+4} (You bought it in a shop on level 4 of the Vaults)
 48211 | Vaults:4 | Found Gozag's Antique Armour Boutique.
 48757 | Depths:1 | Entered Level 1 of the Depths
 48782 | Depths:1 | Found Hoqul's General Store.
 48795 | Depths:1 | Bought a scroll of blinking for 127 gold pieces
 48795 | Depths:1 | Bought a ration for 85 gold pieces
 48795 | Depths:1 | Bought a scroll of enchant weapon for 127 gold pieces
 48795 | Depths:1 | Bought 17 sling bullets for 144 gold pieces
 49030 | D:15     | Learned a level 6 spell: Statue Form
 49039 | D:15     | Learned a level 6 spell: Freezing Cloud
 49229 | Depths:1 | Found a gateway to Hell.
 49305 | Depths:1 | Paralysed by a great orb of eyes for 2 turns
 49699 | Depths:1 | Found Xuamody's Jewellery Emporium.
 49707 | Depths:1 | Bought a cursed ring of attention for 94 gold pieces
 49707 | Depths:1 | Bought an uncursed ring of stealth for 367 gold pieces
 49707 | Depths:1 | Bought an uncursed ring of flight for 367 gold pieces
 49707 | Depths:1 | Bought an uncursed ring of protection from fire for 525
                  | gold pieces
 49707 | Depths:1 | Bought a +3 ring of slaying for 945 gold pieces
 50191 | Depths:2 | Reached XP level 21. HP: 165/165 MP: 38/38
 50689 | Depths:2 | Learned a level 1 spell: Apportation
 51039 | Depths:2 | Found a gateway to a ziggurat.
 51209 | Depths:2 | Found a corrupted altar of Lugonu.
 51210 | Depths:2 | Found a one-way gate to the infinite horrors of the Abyss.
 51780 | Depths:3 | Found a one-way gate leading to the halls of Pandemonium.
 51841 | Depths:3 | Reached skill level 15 in Invocations
 51962 | Depths:3 | Reached skill level 14 in Evocations
 52720 | Depths:4 | Noticed a golden dragon
 52737 | Depths:4 | Killed a golden dragon
 52916 | Depths:4 | Reached XP level 22. HP: 173/173 MP: 40/40
 52971 | Depths:4 | Found Enlyeck's Jewellery Shop.
 52985 | Depths:4 | Bought a cursed amulet of inaccuracy for 30 gold pieces
 52985 | Depths:4 | Bought a +2 ring of dexterity for 112 gold pieces
 52985 | Depths:4 | Bought an uncursed amulet of the gourmand for 450 gold
                  | pieces
 53001 | Depths:4 | Found Iqoiv's Gadget Shoppe.
 53002 | Depths:4 | Found Anikeamo's Jewellery Boutique.
 53004 | Depths:4 | Found Wacs's Gadget Shoppe.
 53011 | Depths:4 | Bought a sack of spiders for 360 gold pieces
 53011 | Depths:4 | Bought a wand of scattershot (5) for 486 gold pieces
 53011 | Depths:4 | Bought a wand of digging (4) for 288 gold pieces
 53019 | Depths:4 | Bought a cursed ring of teleportation for 54 gold pieces
 53019 | Depths:4 | Bought a +2 ring of intelligence for 90 gold pieces
 53019 | Depths:4 | Bought a cursed amulet of rage for 444 gold pieces
 53380 | Depths:4 | Noticed a golden dragon
 53403 | Depths:4 | Killed a golden dragon
 53409 | Depths:4 | Found the +9 scales of the Dragon King {rPois rF+ rC+ MR+}
 53754 | D:10     | You paid a toll of 7 scrolls of blinking to enter a
                  | treasure trove
 53755 | Trove    | Entered a treasure trove
 54136 | Depths:4 | Bought a sack of spiders for 260 gold pieces
 54150 | Depths:5 | Entered Level 5 of the Depths
 54150 | Depths:5 | Found a huge runed gate.
 54150 | Depths:5 | Found a huge runed gate.
 54150 | Depths:5 | Found a huge runed gate.
 54150 | Depths:5 | Found a huge runed gate.
 54150 | Depths:5 | Found a huge runed gate.
 54150 | Depths:5 | Found a huge runed gate.
 54151 | Depths:5 | Found a huge runed gate.
 54168 | Depths:5 | Found a huge runed gate.
 54201 | Depths:5 | Found a huge runed gate.
 54202 | Depths:5 | Found a huge runed gate.
 55189 | Depths:5 | Reached skill level 15 in Fighting
 55189 | Depths:5 | Reached skill level 15 in Dodging
 55318 | Depths:5 | Found a gate to the Realm of Zot.
 55673 | Depths:5 | Found a huge runed gate.
 55673 | Depths:5 | Found a huge runed gate.
 55673 | Depths:5 | Found a huge runed gate.
 55673 | Depths:5 | Found a huge runed gate.
 55674 | Depths:5 | Found a huge runed gate.
 55674 | Depths:5 | Found a huge runed gate.
 55675 | Depths:5 | Found a huge runed gate.
 55676 | Depths:5 | Found a huge runed gate.
 55677 | Depths:5 | Found a huge runed gate.
 55678 | Depths:5 | Found a huge runed gate.
 55679 | Depths:5 | Found a huge runed gate.
 55680 | Depths:5 | Found a huge runed gate.
 55681 | Depths:5 | Found a huge runed gate.
 55683 | Depths:5 | Found a huge runed gate.
 55698 | Depths:5 | Found a huge runed gate.
 55698 | Depths:5 | Found a huge runed gate.
 55718 | Depths:5 | Found a huge runed gate.
 55718 | Depths:5 | Found a huge runed gate.
 55718 | Depths:5 | Found a huge runed gate.
 55719 | Depths:5 | Found a huge runed gate.
 55719 | Depths:5 | Found a huge runed gate.
 55720 | Depths:5 | Found a huge runed gate.
 55816 | Depths:5 | Identified the cursed +0 demon blade of Rabibik {freeze,
                  | Dex+4}
 56067 | Depths:5 | Found a huge runed gate.
 56067 | Depths:5 | Found a huge runed gate.
 56067 | Depths:5 | Found a huge runed gate.
 56067 | Depths:5 | Found a huge runed gate.
 56095 | Depths:5 | Noticed a juggernaut
 56095 | Depths:5 | Noticed a golden dragon
 56096 | Depths:5 | Noticed a golden dragon
 56096 | Depths:5 | Noticed a golden dragon
 56096 | Depths:5 | Noticed a juggernaut
 56268 | Depths:5 | Killed a golden dragon
 56298 | Depths:5 | Killed a golden dragon
 56321 | Depths:5 | Killed a juggernaut
 56321 | Depths:5 | Reached skill level 15 in Evocations
 56385 | Depths:5 | Killed a juggernaut
 56625 | Depths:5 | Killed a golden dragon
 56625 | Depths:5 | Reached XP level 23. HP: 159/181 MP: 32/41
 56695 | Depths:4 | Bought a sack of spiders for 260 gold pieces
 56695 | Depths:4 | Bought a box of beasts for 260 gold pieces
 56695 | Depths:4 | Bought a wand of digging (7) for 286 gold pieces
 56695 | Depths:4 | Bought a wand of disintegration (10) for 182 gold pieces
 57053 | Crypt:1  | Entered Level 1 of the Crypt
 57363 | Crypt:1  | Noticed a greater mummy
 57366 | Crypt:1  | Noticed Khufu
 57368 | Crypt:1  | Noticed a greater mummy
 57403 | Crypt:1  | Killed a greater mummy
 57631 | Crypt:1  | Reached skill level 15 in Stealth
 57979 | Crypt:1  | Learned a level 4 spell: Force Lance
 58285 | Crypt:2  | Noticed Jory
 58308 | Crypt:2  | Killed Jory
 58655 | Crypt:2  | Reached skill level 15 in Short Blades
 58655 | Crypt:2  | Reached skill level 15 in Long Blades
 58655 | Crypt:2  | Reached skill level 15 in Axes
 58655 | Crypt:2  | Reached skill level 15 in Maces & Flails
 58655 | Crypt:2  | Reached skill level 15 in Polearms
 58655 | Crypt:2  | Reached skill level 15 in Staves
 58655 | Crypt:2  | Reached skill level 15 in Slings
 58655 | Crypt:2  | Reached skill level 15 in Bows
 58655 | Crypt:2  | Reached skill level 15 in Crossbows
 58655 | Crypt:2  | Reached skill level 15 in Armour
 58655 | Crypt:2  | Reached skill level 15 in Shields
 58655 | Crypt:2  | Reached skill level 15 in Unarmed Combat
 58655 | Crypt:2  | Reached skill level 15 in Spellcasting
 59095 | Crypt:3  | Entered Level 3 of the Crypt
 59545 | Crypt:3  | Reached skill level 16 in Evocations
 59598 | Crypt:3  | Found a staircase to the Tomb.
 60346 | Crypt:3  | Noticed a curse toe
 61209 | Crypt:3  | Killed a curse toe
 61209 | Crypt:3  | Reached XP level 24. HP: 174/189 MP: 39/42
 61276 | Crypt:3  | Found an ancient bone altar of Kikubaaqudgha.
 61300 | Crypt:3  | Found a basalt altar of Yredelemnul.
 61362 | Crypt:3  | Identified the Catalogue of Black Rituals
 61725 | D:15     | Reached XP level 25. HP: 196/196 MP: 42/42
 61958 | Vaults:5 | Entered Level 5 of the Vaults
 62110 | Vaults:5 | Noticed Margery
 62160 | Vaults:5 | Killed Margery
 62164 | Vaults:5 | Reached skill level 17 in Evocations
 62445 | Vaults:5 | Noticed a juggernaut
 62445 | Vaults:5 | a titan changed into a juggernaut
 62728 | Vaults:5 | Reached XP level 26. HP: 200/206 MP: 33/42
 62743 | Vaults:5 | Killed a juggernaut
 62759 | Vaults:5 | Got a steaming ivory ring
 62885 | Vaults:5 | Identified the ring of Goenieti {rPois MR- Str+4 SInv
                  | Stlth+} (You found it on level 5 of the Vaults)
 63184 | Vaults:5 | Identified the cursed +0 scale mail "Digos" {MR++ Dex+3
                  | Stlth-} (You found it on level 5 of the Vaults)
 63511 | Vaults:5 | Identified Ryaweg's Incunabulum of Shifting Contamination
 63514 | Vaults:5 | Got a silver rune of Zot
 63517 | Vaults:5 | Identified the +1 dagger of Law {flame, MR+ Dex+6} (You
                  | found it on level 5 of the Vaults)
 64008 | Zot:1    | Entered Level 1 of the Realm of Zot
 65062 | Zot:1    | Reached skill level 18 in Evocations
 65843 | Zot:1    | Found Bees's Changing Room.
 66309 | Zot:2    | Learned a level 4 spell: Summon Lightning Spire
 66478 | Zot:2    | Reached XP level 27. HP: 198/214 MP: 9/43
 68946 | Zot:4    | Reached skill level 19 in Evocations
 70070 | Zot:4    | Learned a level 6 spell: Conjure Ball Lightning
 70512 | Zot:5    | Entered Level 5 of the Realm of Zot
 70875 | Zot:5    | Found a runed translucent gate.
 70876 | Zot:5    | Found a runed translucent gate.
 70877 | Zot:5    | Found a runed translucent gate.
 70879 | Zot:5    | Noticed Yon's ghost (legendary GrFi)
 71308 | Zot:5    | Noticed an orb of fire
 71310 | Zot:5    | Gained mutation: You have large cloven feet. [an orb of
                  | fire]
 71313 | Zot:5    | Noticed an ancient lich
 71328 | Zot:5    | Noticed an orb of fire
 71332 | Zot:5    | Gained mutation: You occasionally shout uncontrollably at
                  | your foes. [an orb of fire]
 71625 | D:15     | Bought a fine plate armour for 1288 gold pieces
 71625 | D:15     | Identified the +6 plate armour of the Duchess {*Slow rCorr
                  | Dex+2} (You bought it in a shop on level 15 of the Dungeon)
 71893 | Elf:1    | Entered Level 1 of the Elven Halls
 71919 | Elf:1    | Found a radiant altar of Vehumet.
 72141 | Elf:1    | Found a ruined gateway.
 72146 | Desolati | Entered the Desolation of Salt
 72210 | Desolati | Identified the amulet "Uxzeul" {Spirit rC+ Dex+3 SInv} (You
                  | found it in the Desolation of Salt)
 72254 | Desolati | Reached skill level 15 in Conjurations
 72254 | Desolati | Reached skill level 15 in Hexes
 72254 | Desolati | Reached skill level 15 in Charms
 72254 | Desolati | Reached skill level 15 in Summonings
 72254 | Desolati | Reached skill level 15 in Necromancy
 72254 | Desolati | Reached skill level 15 in Translocations
 72254 | Desolati | Reached skill level 15 in Transmutations
 72254 | Desolati | Reached skill level 15 in Fire Magic
 72254 | Desolati | Reached skill level 15 in Ice Magic
 72254 | Desolati | Reached skill level 15 in Air Magic
 72254 | Desolati | Reached skill level 15 in Earth Magic
 72254 | Desolati | Reached skill level 15 in Poison Magic
 72476 | Desolati | Identified the ring "Tatetur" {MR+ Dex+5} (You found it in
                  | the Desolation of Salt)
 72479 | Desolati | Identified the amulet "Dabiredd" {Acrobat rPois rC+ Int+3}
                  | (You found it in the Desolation of Salt)
 72499 | Desolati | Learned a level 6 spell: Deflect Missiles
 72512 | Desolati | Identified the +7 whip "Hikingoz" {slash, *Drain rC++ Str+3
                  | SInv} (You found it in the Desolation of Salt)
 72514 | Desolati | Identified the +6 short sword of Invincibility {vamp,
                  | *Noise Int+5 Dex+5} (You found it in the Desolation of
                  | Salt)
 72633 | Desolati | Reached skill level 20 in Evocations
 72718 | Desolati | Identified the ring "Woohiw" {*Tele rC+ Str+4} (You found
                  | it in the Desolation of Salt)
 73324 | Elf:1    | Noticed Louise
 73331 | Elf:1    | Killed Louise
 73618 | Elf:2    | Identified the +7 plate armour of Oblivion {rPois Str+2}
                  | (You found it on level 2 of the Elven Halls)
 74055 | Elf:2    | Found a runed translucent gate.
 74055 | Elf:2    | Found a runed translucent gate.
 74057 | Elf:2    | Found a runed translucent gate.
 74283 | Elf:3    | Entered Level 3 of the Elven Halls
 74303 | Elf:3    | Found Uroyniqi's Antique Weapon Shoppe.
 74334 | Elf:3    | Found Macethru's Weapon Shoppe.
 74334 | Elf:3    | Found Fesumoh's Weapon Emporium.
 74339 | Elf:3    | Found Tofaiw's Assorted Antiques.
 74355 | Elf:3    | Bought a warped plate armour for 756 gold pieces
 74355 | Elf:3    | Bought a scroll of fog for 54 gold pieces
 74355 | Elf:3    | Bought a scroll of identify for 54 gold pieces
 74355 | Elf:3    | Bought a scroll of identify for 54 gold pieces
 74357 | Elf:3    | Identified the +10 plate armour "Fudytze" {rC+ MR+ Int+4}
                  | (You bought it in a shop on level 3 of the Elven Halls)
 74898 | Elf:3    | Identified the ring "Cuef" {rElec rN+ Str+4 Slay+3}
 75217 | Elf:3    | Learned a level 2 spell: Blink
 75312 | Elf:3    | Identified the +6 whip of Omuonnun {freeze, +Blink} (You
                  | found it on level 3 of the Elven Halls)
 75382 | Elf:3    | Got a pitted broad axe
 75383 | Elf:3    | Identified the +9 broad axe of Dompuef {pain, *Rage rC+
                  | Str+3} (You found it on level 3 of the Elven Halls)
 75770 | Elf:3    | Bought the +7 broad axe "Fauptaca" {chop, rF+ rC+ Stlth+}
                  | for 842 gold pieces
 76223 | D:15     | Learned a level 8 spell: Ignition
 76310 | Depths:2 | Voluntarily entered the Abyss.
 76338 | Abyss:1  | Learned a level 4 spell: Passage of Golubria
 76368 | Abyss:1  | Found a corrupted altar of Lugonu.
 76772 | Abyss:4  | Found a corrupted altar of Lugonu.
 76854 | Abyss:4  | Got an abyssal rune of Zot
 76892 | Depths:2 | Escaped the Abyss
 77179 | D:15     | Lost mutation: You have large cloven feet. [potion of
                  | mutation]
 77179 | D:15     | Lost mutation: You occasionally shout uncontrollably at
                  | your foes. [potion of mutation]
 77179 | D:15     | Gained mutation: Armour fits poorly on your strangely
                  | shaped body. [potion of mutation]
 77179 | D:15     | Gained mutation: You are dopey. (Int -2) [potion of
                  | mutation]
 77179 | D:15     | Gained mutation: You are partially covered in molten
                  | scales. (AC +2) [potion of mutation]
 77180 | D:15     | Lost mutation: Armour fits poorly on your strangely shaped
                  | body. [potion of mutation]
 77180 | D:15     | Lost mutation: You are dopey. (Int -2) [potion of mutation]
 77180 | D:15     | Gained mutation: You passively map a small area around you.
                  | [potion of mutation]
 77180 | D:15     | Gained mutation: You expend magic power (3 MP) to
                  | strengthen your wands. [potion of mutation]
 77268 | Zig:1    | Entered Level 1 of a ziggurat
 77290 | Zig:2    | Entered Level 2 of a ziggurat
 77314 | Zig:3    | Entered Level 3 of a ziggurat
 77419 | Zig:4    | Entered Level 4 of a ziggurat
 77486 | Zig:5    | Entered Level 5 of a ziggurat
 77525 | Zig:6    | Entered Level 6 of a ziggurat
 77557 | Zig:6    | Identified the +5 rapier "Miyfem" {pierce, rF+ rC+ rN+}
                  | (You found it on level 6 of a ziggurat)
 77618 | Zig:7    | Entered Level 7 of a ziggurat
 77622 | Zig:7    | Noticed Yxei the pandemonium lord
 77634 | Zig:7    | Reached skill level 21 in Evocations
 77653 | Zig:7    | Killed Yxei the pandemonium lord
 78054 | Zig:7    | Identified Jideuluff's Reference Book on the Earthen
                  | Glacier
 78076 | Zig:7    | Identified the +6 morningstar of Xofushris {crush, -Tele
                  | +Rage Int+4 Dex+2} (You found it on level 7 of a ziggurat)
 78080 | Zig:8    | Entered Level 8 of a ziggurat
 78227 | Zig:9    | Entered Level 9 of a ziggurat
 78385 | Zig:9    | Identified the Papyrus of Boosts and Confrontation
 78388 | Zig:9    | Identified the +7 demon blade of Zeraa {vamp, +Inv rF+
                  | Int+6} (You found it on level 9 of a ziggurat)
 78418 | Zig:10   | Entered Level 10 of a ziggurat
 78422 | Zig:10   | Noticed Mysabamn the pandemonium lord
 78451 | Zig:10   | Killed Mysabamn the pandemonium lord
 78486 | Zig:10   | Identified the Volume of Freezing Companions
 78495 | Zig:10   | Identified the amulet "Kumylann" {Reflect *Corrode rElec
                  | Str+7 SH+3 Stlth-} (You found it on level 10 of a ziggurat)
 78637 | Zig:11   | Entered Level 11 of a ziggurat
 78648 | Zig:11   | Found the +7 great mace "Firestarter" {inner flame, rF++}
 79010 | Zig:11   | Identified the +5 long sword of Luxury {venom, rN+ Dex+2}
                  | (You found it on level 11 of a ziggurat)
 79020 | Zig:12   | Entered Level 12 of a ziggurat
 79029 | Zig:12   | Noticed an ancient lich
 79031 | Zig:12   | Noticed an ancient lich
 79053 | Zig:12   | Killed an ancient lich
 79054 | Zig:12   | HP: 10/220 [Executioner[an ancient lich] (15)]
 79055 | Zig:12   | HP: 2/220 [Executioner[an ancient lich] (8)]
 79071 | Zig:12   | Killed an ancient lich
 79299 | Zig:13   | Entered Level 13 of a ziggurat
 79668 | Zig:13   | Identified the cursed +1 hand crossbow of Arbitration
                  | {penet, MR+ Str-5 Stlth+} (You found it on level 13 of a
                  | ziggurat)
 79685 | Zig:14   | Entered Level 14 of a ziggurat
 79702 | Zig:14   | Noticed a juggernaut
 79709 | Zig:14   | Noticed a juggernaut
 79738 | Zig:14   | Identified Nala's Handbook of Glacial Hexes
 79765 | Zig:14   | Killed a juggernaut
 79770 | Zig:14   | Killed a juggernaut
 80157 | Zig:15   | Entered Level 15 of a ziggurat
 80169 | Zig:15   | Reached skill level 22 in Evocations
 80230 | Zig:15   | Identified Docziuz's Volume of Feathers and Cold
 80237 | Zig:15   | Identified the Disquisition on Ashen Malediction
 80243 | Zig:15   | Identified the Incunabulum of Confrontation
 80278 | Zig:15   | Identified the Tome of the Assistive Arsonist
 80284 | Zig:15   | Learned a level 3 spell: Ozocubu's Armour
 80284 | Zig:15   | Identified Gukk's Arcane Secrets of Thaumaturgy
 80288 | Zig:15   | Identified the Reference Book on Transmigration
 80338 | Zig:16   | Entered Level 16 of a ziggurat
 80695 | Zig:16   | Identified the ring "Boaluas" {AC+3 Str+6 Int-2} (You found
                  | it on level 16 of a ziggurat)
 80718 | Zig:16   | Identified the Almanac of Shifting Fire
 80727 | Zig:17   | Entered Level 17 of a ziggurat
 80749 | Zig:17   | Found the +9 sword of Zonguldrok {reap}
 80905 | Zig:17   | Identified the ring "Titip" {rElec Int+2 SInv} (You found
                  | it on level 17 of a ziggurat)
 80912 | Zig:18   | Entered Level 18 of a ziggurat
 80920 | Zig:18   | Noticed a greater mummy
 80923 | Zig:18   | Noticed a greater mummy
 80924 | Zig:18   | Noticed a greater mummy
 80924 | Zig:18   | Noticed a greater mummy
 80925 | Zig:18   | Noticed a greater mummy
 80926 | Zig:18   | Noticed a greater mummy
 80927 | Zig:18   | Killed a greater mummy
 80927 | Zig:18   | Noticed a greater mummy
 80929 | Zig:18   | Killed a greater mummy
 80929 | Zig:18   | Killed a greater mummy
 80941 | Zig:18   | Found the +3 salamander hide armour {+Rage rF++}
 80943 | Zig:18   | HP: 11/222 [??? (4)]
 81696 | Orc:2    | Bought a wand of scattershot (6) for 480 gold pieces
 81696 | Orc:2    | Bought a box of beasts for 320 gold pieces
 81696 | Orc:2    | Bought a box of beasts for 320 gold pieces
 81696 | Orc:2    | Bought a box of beasts for 320 gold pieces
 82082 | D:10     | Bought a scarf of cloud immunity for 105 gold pieces
 82153 | D:8      | Bought the +18 shield of the Gong {rElec rN+ MR+ EV-5} for
                  | 1070 gold pieces
 82153 | D:8      | Found the +18 shield of the Gong {rElec rN+ MR+ EV-5}
 82430 | Depths:1 | Bought the amulet of Tublut {Acrobat Str+6 Int+5 SInv} for
                  | 1350 gold pieces
 82557 | D:15     | Learned a level 9 spell: Fire Storm
 82559 | D:15     | Upgraded the game from 0.24.1-4-ge52af88ad5 to
                  | 0.24.1-8-ga250c9d538
 82971 | Slime:1  | Entered Level 1 of the Pits of Slime
 84673 | Slime:3  | Gained mutation: Potions are less effective at restoring
                  | your health. [a shining eye]
 87025 | Slime:5  | Entered Level 5 of the Pits of Slime
 87478 | Slime:5  | Reached skill level 23 in Evocations
 88540 | Slime:5  | Found a viscous altar of Jiyva.
 88542 | Slime:5  | Found the ring of Phasing {EV+8}
 88568 | Slime:5  | Noticed the Royal Jelly
 88950 | Slime:5  | Killed the Royal Jelly
 89840 | Slime:5  | Identified the +0 flail of the Dungeon {crush, Dex+3 SInv}
                  | (You found it on level 5 of the Pits of Slime)
 89843 | Slime:5  | Identified the cursed +0 ring mail "Lidotton" {Int+4} (You
                  | found it on level 5 of the Pits of Slime)
 89875 | Slime:5  | Identified the +9 hand crossbow of Traps {flame, +Blink
                  | rElec rC+++ SInv} (You found it on level 5 of the Pits of
                  | Slime)
 89913 | Slime:5  | Got a slimy rune of Zot
 89919 | Slime:5  | Identified the +8 spear of Checkmate {drain, +Fly rElec
                  | Int+7} (You found it on level 5 of the Pits of Slime)
 90375 | D:15     | Lost mutation: You passively map a small area around you.
                  | [potion of mutation]
 90375 | D:15     | Lost mutation: You are partially covered in molten scales.
                  | (AC +2) [potion of mutation]
 90375 | D:15     | Gained mutation: Your flesh is heat resistant. (rF+)
                  | [potion of mutation]
 90375 | D:15     | Gained mutation: You are partially covered in iridescent
                  | scales. (AC +2) [potion of mutation]
 90375 | D:15     | Gained mutation: You have large cloven feet. [potion of
                  | mutation]
 90376 | D:15     | Lost mutation: You expend magic power (3 MP) to strengthen
                  | your wands. [potion of mutation]
 90376 | D:15     | Lost mutation: Potions are less effective at restoring your
                  | health. [potion of mutation]
 90376 | D:15     | Gained mutation: You do not regenerate when monsters are
                  | visible. [potion of mutation]
 90376 | D:15     | Gained mutation: You are agile. (Dex +2) [potion of
                  | mutation]
 90377 | D:15     | Lost mutation: You are agile. (Dex +2) [potion of mutation]
 90377 | D:15     | Lost mutation: You are partially covered in iridescent
                  | scales. (AC +2) [potion of mutation]
 90377 | D:15     | Lost mutation: You have large cloven feet. [potion of
                  | mutation]
 90377 | D:15     | Gained mutation: You are robust. (+10% HP) [potion of
                  | mutation]
 90378 | D:15     | Lost mutation: Your flesh is heat resistant. (rF+) [potion
                  | of mutation]
 90378 | D:15     | Lost mutation: You are robust. (+10% HP) [potion of
                  | mutation]
 90378 | D:15     | Lost mutation: You do not regenerate when monsters are
                  | visible. [potion of mutation]
 90378 | D:15     | Gained mutation: You have sharp toenails. [potion of
                  | mutation]
 90378 | D:15     | Gained mutation: You passively map a small area around you.
                  | [potion of mutation]
 90378 | D:15     | Gained mutation: You have supernaturally acute eyesight.
                  | (SInv) [potion of mutation]
 90385 | D:15     | Upgraded the game from 0.24.1-8-ga250c9d538 to
                  | 0.24.1-14-gf8d2b509d9
 90482 | D:15     | Learned a level 9 spell: Glaciate
 90567 | Pan      | Entered Pandemonium
 90579 | Pan      | Found an exit through the horrors of the Abyss.
 90590 | Pan      | Gained mutation: You are clumsy. (Dex -2) [a neqoxec]
 90858 | Pan      | Noticed Pono the pandemonium lord
 91159 | Pan      | Entered the realm of Gloorx Vloq.
 91353 | Pan      | Noticed Gloorx Vloq
 91374 | Pan      | Killed Gloorx Vloq
 91389 | Pan      | Got a dark rune of Zot
 91845 | Pan      | Gained mutation: Your spells are a little easier to cast,
                  | but a little less powerful. [a cacodemon]
 92320 | Pan      | Lost mutation: You are clumsy. (Dex -2) [potion of
                  | mutation]
 92320 | Pan      | Lost mutation: You passively map a small area around you.
                  | [potion of mutation]
 92320 | Pan      | Lost mutation: Your spells are a little easier to cast, but
                  | a little less powerful. [potion of mutation]
 92320 | Pan      | Gained mutation: You are partially covered in iridescent
                  | scales. (AC +2) [potion of mutation]
 92320 | Pan      | Gained mutation: You are somewhat resistant to further
                  | mutation. [potion of mutation]
 92458 | Pan      | Noticed Qenioffergh the pandemonium lord
 92469 | Pan      | Killed Qenioffergh the pandemonium lord
 92642 | Pan      | Noticed Havum the pandemonium lord
 92699 | Pan      | Gained mutation: Potions are less effective at restoring
                  | your health. [a neqoxec]
 92904 | Pan      | HP: 14/291 [monstrous blood saint/iceblast (10)]
 93111 | Pan      | Noticed Raris the pandemonium lord
 93120 | Pan      | Killed Raris the pandemonium lord
 93196 | Pan      | Got a demonic rune of Zot
 93289 | Pan      | Identified the amulet of Xuoryusk {rPois Regen+ Dex+4 SInv}
                  | (You found it in Pandemonium)
 93291 | Pan      | Identified the cursed +1 trident of Sloth {protect, Str+6
                  | Int+3 Stlth+} (You found it in Pandemonium)
 93461 | Pan      | Found a transporter.
 93461 | Pan      | Found a transporter.
 93513 | Pan      | Entered the realm of Cerebov.
 93648 | Pan      | Reached skill level 24 in Evocations
 93922 | Pan      | Identified the ring "Wytap" {rC+ Dex+3 Slay+3}
 94036 | Pan      | Identified the +3 great mace of Doubt {venom, rN+}
 94564 | Pan      | Identified the +1 long sword "Joagh" {slice, *Slow rElec
                  | rF+ rC+} (You found it in Pandemonium)
 94612 | Pan      | Identified the Almanac of the Entrancing Escort
 94617 | Pan      | Identified the +6 sword of Cerebov {flame}
 94617 | Pan      | Identified the ring "Tikluqi" {MR- Int+2 Dex+2 Stlth-}
 94617 | Pan      | Noticed Cerebov
 94631 | Pan      | Lost mutation: You have supernaturally acute eyesight.
                  | (SInv) [a cacodemon]
 94655 | Pan      | Killed Cerebov
 94754 | Pan      | Got a fiery rune of Zot
 94915 | Pan      | Found an exit through the horrors of the Abyss.
 94933 | Pan      | Gained mutation: You are clumsy. (Dex -2) [a neqoxec]
 95007 | Pan      | Gained mutation: Scrolls take you a little longer to read.
                  | [a neqoxec]
 95057 | Pan      | Gained mutation: Scrolls take you longer to read. [a
                  | neqoxec]
 95167 | Pan      | Noticed Duheosap the pandemonium lord
 95203 | Pan      | Noticed Gudwud the pandemonium lord
 95212 | Pan      | Killed Gudwud the pandemonium lord
 95266 | Pan      | Entered the realm of Mnoleg.
 95398 | Pan      | Gained mutation: You tend to lose your temper in combat. [a
                  | neqoxec]
 95430 | Pan      | Gained mutation: You are very clumsy. (Dex -4) [a neqoxec]
 95474 | Pan      | Gained mutation: Your body sometimes deteriorates upon
                  | taking damage. [a neqoxec]
 95482 | Pan      | Noticed Mnoleg
 95496 | Pan      | Killed Mnoleg
 95567 | Pan      | Got a glowing rune of Zot
 95708 | Pan      | Entered the realm of Lom Lobon.
 95899 | Pan      | Noticed Lom Lobon
 95924 | Pan      | Got a magical rune of Zot
 96191 | Pan      | Found an exit through the horrors of the Abyss.
 96198 | Pan      | Took an exit into the Abyss.
 96198 | Abyss:1  | Escaped into the Abyss
 96319 | Depths:3 | Escaped the Abyss
 96410 | D:15     | Lost mutation: Scrolls take you longer to read. [potion of
                  | mutation]
 96410 | D:15     | Lost mutation: You have sharp toenails. [potion of
                  | mutation]
 96410 | D:15     | Gained mutation: You are dopey. (Int -2) [potion of
                  | mutation]
 96411 | D:15     | Lost mutation: You are very clumsy. (Dex -4) [potion of
                  | mutation]
 96411 | D:15     | Lost mutation: Potions are less effective at restoring your
                  | health. [potion of mutation]
 96411 | D:15     | Lost mutation: You are dopey. (Int -2) [potion of mutation]
 96411 | D:15     | Lost mutation: Scrolls take you a little longer to read.
                  | [potion of mutation]
 96412 | D:15     | Lost mutation: You are clumsy. (Dex -2) [potion of
                  | mutation]
 96412 | D:15     | Lost mutation: You are somewhat resistant to further
                  | mutation. [potion of mutation]
 96412 | D:15     | Lost mutation: Your body sometimes deteriorates upon taking
                  | damage. [potion of mutation]
 96412 | D:15     | Lost mutation: You tend to lose your temper in combat.
                  | [potion of mutation]
 96412 | D:15     | Gained mutation: You can translocate small distances at
                  | will. [potion of mutation]
 96412 | D:15     | Gained mutation: Your flesh is heat resistant. (rF+)
                  | [potion of mutation]
 96412 | D:15     | Gained mutation: Your mind is acute. (Int +2) [potion of
                  | mutation]
 96490 | D:15     | Bought a scroll of identify for 32 gold pieces
 96490 | D:15     | Bought a potion of curing for 48 gold pieces
 96490 | D:15     | Bought a ration for 80 gold pieces
 96490 | D:15     | Bought a wand of paralysis (7) for 144 gold pieces
 96777 | Zot:5    | Gained mutation: Your spells are a little easier to cast,
                  | but a little less powerful. [an orb of fire]
 96779 | Zot:5    | Noticed an orb of fire
 96784 | Zot:5    | Noticed an orb of fire
 96785 | Zot:5    | Gained mutation: You tend to lose your temper in combat.
                  | [an orb of fire]
 96787 | Zot:5    | Killed an ancient lich
 96790 | Zot:5    | Gained mutation: You are weak. (Str -2) [an orb of fire]
 96790 | Zot:5    | Lost mutation: Your mind is acute. (Int +2) [an orb of
                  | fire]
 96791 | Zot:5    | Noticed an orb of fire
 96791 | Zot:5    | Gained mutation: Your spells are easier to cast, but less
                  | powerful. [an orb of fire]
 96792 | Zot:5    | Gained mutation: You are frail. (-10% HP) [an orb of fire]
 96796 | Zot:5    | Noticed an orb of fire
 96796 | Zot:5    | Killed an orb of fire
 96796 | Zot:5    | Reached skill level 25 in Evocations
 96797 | Zot:5    | Killed an orb of fire
 96798 | Zot:5    | Killed from afar by an orb of fire

Levels and vault maps discovered:
D:1:      scummos_arrival_forest, layout_loops_cross
D:2:      layout_basic, makhleb_blood_cavern_becter, minmay_circle_x, uniq_robin
D:3:      layout_basic, uniq_grinder
D:4:      layout_loops_ring, lemuel_round_altar, minmay_temple_entry_crystal_x
D:5:      layout_cave_pools, first_ration, hex_medium, grunt_ministairs_12
D:6:      layout_rooms, lemuel_doored_altar, elyvilon_altar_4
D:7:      layout_gridville
D:8:      layout_basic, serial_shops, shop_fountains
D:9:      layout_cave_pools, lemuel_coloured_pillars_altar, serial_shops,
          kennysheep_little_box, uniq_maurice
D:10:     layout_basic, lair_entry_dummy, erik_orc_3,
          nicolae_trove_entry_free_sample, basic_altar,
          hangedman_pestilent_swarm, minmay_sticks_and_stones, uniq_nergalle
D:11:     layout_loops_ring, doesnt_xom_only_xom
D:12:     layout_layer_cave, serial_rivers, chequers_serial_rivers_micro_c,
          chequers_serial_rivers_large_b, chequers_serial_rivers_small_3,
          chequers_serial_rivers_large_a, chequers_serial_rivers_micro_a
D:13:     layout_loops_ring, david_vaults_5, serial_shops, nicolae_shop_trees,
          uniq_nessos, uniq_josephine
D:14:     layout_long_grid, tgw_sif
D:15:     grunt_enter_depths_snipers, layout_cave_pools, basic_altar,
          skrybe_limestone_x, minmay_misc_feat_doors, small_chamber_with_monster
Temple:   eino_narrow_crystal_temple
Lair:1:   layout_gridlike, cheibrodos_lair_lostbears, grunt_megastairs_2
Lair:2:   layout_loops_ring, forest_entry_grove, lemuel_fruit_fields,
          lemuel_fruit_fields, serial_bayou_shore_b
Lair:3:   layout_cave_pods, spider_nest_entry_web_field,
          eino_small_chamber_without_monster, roderic_carrion_pond,
          minmay_lair_oklob_chamber, grunt_megastairs_5
Lair:4:   layout_loops_ring, minmay_swamp_entry_swarm,
          kennysheep_abandoned_house, lemuel_fruit_tree
Lair:5:   layout_cave_shapes, slime_altar_2, ebering_ghost_reflecting_pool,
          portal_ice_cave_entry_pillars_1
Lair:6:   due_jungle_book, layout_long_grid, serial_bayou_lake_a
Swamp:1:  layout_basic_swamp, evilmike_swamp_ruin_house_2
Swamp:2:  layout_basic_swamp, hangedman_swamp_cone
Swamp:3:  layout_basic_swamp, nicolae_swamp_fairy_circle
Swamp:4:  swamp_vile, layout_basic_swamp, uniq_mara
Spider:1: layout_spider_delve, uniq_asterion
Spider:2: layout_chambers, nicolae_spider_webbed_stairs, uniq_arachne,
          uniq_frances
Spider:3: layout_spider_delve, nicolae_spider_webs_and_nodes, uniq_kirke,
          uniq_bai_suzhen, uniq_roxanne
Spider:4: floodkiller_spider_rune_tomb, uniq_aizul
Slime:1:  layout_caves
Slime:2:  layout_caves
Slime:3:  layout_caves
Slime:4:  layout_caves, nicolae_slime_round_cave
Slime:5
Orc:1:    layout_caves, uniq_jorgrun
Orc:2:    kennysheep_orc_mage_school, layout_diamond_mine, enter_volcano_4,
          ebering_ghost_rock_garden, abandoned_shop, uniq_saint_roka
Elf:1:    eino_elf_arrival_altar, layout_geoelf_grid,
          portal_desolation_entry_ruin, evilmike_minifort, uniq_louise
Elf:2:    layout_geoelf_octagon, drop_trap, hangedman_elf_represent
Elf:3:    minmay_elf_hall_x, layout_geoelf_castle, minmay_shoptagon
Vaults:1: nicolae_vaults_network_s, grunt_vaults_swirl,
          nicolae_vaults_rhombus_5, v_misc_30, vaults_mumra_chevron_long,
          nicolae_vaults_big_ls, ontoclasm_vaults_decontamination,
          nicolae_vaults_theta, layout_vaults_omnigrid, serial_shops, shop
Vaults:2: gammafunk_vaults_ghost_necromancy, ontoclasm_vaults_gateway,
          v_rooms_4, v_misc_9, hangedman_vaults_variations,
          hangedman_vaults_corner_blocks, ontoclasm_vaults_twist,
          vaults_dpeg_encased_lava, nicolae_vaults_little_squares_6,
          nicolae_vaults_asterisk, v_misc_12, vaults_room_grid,
          layout_vaults_maze_snakey, uniq_xtahua
Vaults:3: hangedman_vaults_restitches, hangedman_vaults_slice,
          grunt_vaults_diagonal, minmay_crypt_entry_necro_gods,
          grunt_vaults_trifunnel, ontoclasm_vaults_misaligned,
          ontoclasm_vaults_ring_small, hangedman_vaults_snaps,
          vaults_room_corners, grunt_vaults_hallway_short, vaults_dpeg_cross,
          v_misc_30, layout_vaults_omnicross, uniq_nikola, uniq_sojobo
Vaults:4: ontoclasm_vaults_fault, vaults_room_stairs_pillars,
          nicolae_vaults_network_periphery, v_misc_14, v_misc_13,
          nicolae_vaults_stairing_the_circle, nicolae_vaults_mini_display_case,
          kennysheep_vaults_gozag_temple, nicolae_vaults_specimen_jars,
          v_misc_11, nicolae_vaults_gold_heap, v_misc_13,
          ontoclasm_vaults_loading_screen, ontoclasm_vaults_loading_screen,
          layout_vaults_big_room
Vaults:5: uniq_margery
Crypt:1:  hangedman_staggered_hall, layout_chaotic_city, hex_large,
          grunt_ministairs_10, grunt_crypt_arrival_webbed, uniq_khufu,
          uniq_frederick
Crypt:2:  layout_regular_city, serial_glass, glass_columns_b, glass_columns_a,
          glass_columns_b, glass_columns_a, uniq_jory
Crypt:3:  lightli_unholy_cathedral, layout_chaotic_city,
          tomb_entry_forgotten_bobbens, serial_sigils_hangedman_gnaw
Depths:1: layout_basic, serial_shops, shop, nicolae_shop_crystal,
          grunt_hell_horde, nicolae_two_hexagons, kb_rosetta,
          serial_bayou_shore_a
Depths:2: grunt_twist_and_shout, layout_basic, enter_ziggurat_a,
          minmay_misc_feat_alley, abyss_entry_flame_altar,
          pf_hell_entry_great_geh, minmay_staircase_statues_hall_small,
          serial_bayou_shore_b
Depths:3: wad_cavern_with_rooms, layout_cave_pools, kennysheep_small_spiral,
          hangedman_tar_grid_catacomb, pan_entry, minmay_misc_feat_cross,
          kennysheep_generic_room_13
Depths:4: minmay_mutant_horseshoe, layout_cave_pools, pan_entry,
          abyss_entry_crystal, serial_shops, shop, pf_coc_iceberg,
          infiniplex_staircase_pillars_1, minmay_shop_grove
Depths:5: grunt_zot_entry_gee_three, layout_gridlike, hellmouth_1,
          minmay_misc_feat_square, door_vault
Zot:1:    hangedman_zot_vaults_quadrants, layout_onion_interference,
          nicolae_transmutations_shop
Zot:2:    layout_misc_corridors
Zot:3:    kennysheep_blocky_room, layout_basic
Zot:4:    layout_twisted_circle
Zot:5:    layout_cathedral_of_symmetry, gammafunk_ghost_tricky_traps

Skill      XL: |  1  2  3  4  5  6  7  8  9 10 11 12 13 14 15 16 17 18 19 20 21 22 23 24 25 26 27 |
---------------+----------------------------------------------------------------------------------+-----
Invocations    | 1 2 3 4 5 6 7 8 9 10 11 12 13 14 15 16 17 22 | 22.2
Short Blades   | 1 2 3 4 5 6 7 8 9 10 11 12 13 14 15 16 20 | 20.8
Long Blades    | 1 2 3 4 5 6 7 8 9 10 11 12 13 14 15 16 20 | 20.8
Axes           | 1 2 3 4 5 6 7 8 9 10 11 12 13 14 15 16 20 | 20.8
Maces & Flails | 1 2 3 4 5 6 7 8 9 10 11 12 13 14 15 16 20 | 20.8
Polearms       | 1 2 3 4 5 6 7 8 9 10 11 12 13 14 15 16 20 | 20.8
Staves         | 1 2 3 4 5 6 7 8 9 10 11 12 13 14 15 16 20 | 20.8
Slings         | 1 2 3 4 5 6 7 8 9 10 11 12 13 14 15 16 20 | 20.8
Bows           | 1 2 3 4 5 6 7 8 9 10 11 12 13 14 15 16 20 | 20.8
Crossbows      | 1 2 3 4 5 6 7 8 9 10 11 12 13 14 15 16 20 | 20.8
Armour         | 1 2 3 4 5 6 7 8 9 10 11 12 13 14 15 16 20 | 20.8
Shields        | 1 2 3 4 5 6 7 8 9 10 11 12 13 14 15 16 20 | 20.8
Unarmed Combat | 1 2 3 4 5 6 7 8 9 10 11 12 13 14 15 16 21 | 21.1
Spellcasting   | 1 2 3 4 5 6 7 8 9 10 11 12 13 14 15 16 20 | 20.8
Evocations     | 1 2 3 4 5 6 7 8 9 10 11 12 13 14 15 16 17 18 25 | 25.0
Conjurations   | 1 2 3 4 5 6 7 8 9 10 11 12 13 14 18 | 18.0
Hexes          | 1 2 3 4 5 6 7 8 9 10 11 12 13 14 18 | 18.0
Charms         | 1 2 3 4 5 6 7 8 9 10 11 12 13 14 18 | 18.0
Summonings     | 1 2 3 4 5 6 7 8 9 10 11 12 13 14 18 | 18.0
Necromancy     | 1 2 3 4 5 6 7 8 9 10 11 12 13 14 18 | 18.0
Translocations | 1 2 3 4 5 6 7 8 9 10 11 12 13 14 18 | 18.0
Transmutations | 1 2 3 4 5 6 7 8 9 10 11 12 13 14 18 | 18.0
Fire Magic     | 1 2 3 4 5 6 7 8 9 10 11 12 13 14 18 | 18.0
Ice Magic      | 1 2 3 4 5 6 7 8 9 10 11 12 13 14 18 | 18.0
Air Magic      | 1 2 3 4 5 6 7 8 9 10 11 12 13 14 18 | 18.0
Earth Magic    | 1 2 3 4 5 6 7 8 9 10 11 12 13 14 18 | 18.0
Poison Magic   | 1 2 3 4 5 6 7 8 9 10 11 12 13 14 18 | 18.0
Stealth        | 3 4 5 6 7 8 9 10 11 12 13 14 15 16 20 | 20.8
Fighting       | 5 6 7 8 9 10 11 12 13 14 15 16 17 21 | 21.1
Dodging        | 5 6 7 8 9 10 11 12 13 14 15 16 17 21 | 21.1
Throwing       | 9 10 11 12 13 14 15 16 17 18 21 | 21.8

Action                   |  1- 3 |  4- 6 |  7- 9 | 10-12 | 13-15 | 16-18 | 19-21 | 22-24 | 25-27 || total
-------------------------+-------+-------+-------+-------+-------+-------+-------+-------+-------++-------
Melee: Short sword       |     3 |       |       |       |       |       |       |       |       ||     3
       Spear             |    69 |    81 |       |     3 |       |       |       |       |       ||   153
       Bite              |     5 |     9 |    54 |   108 |   184 |   267 |   199 |   214 |   622 ||  1662
       Whip              |       |    31 |   348 |   544 |   557 |       |       |       |       ||  1480
       Punch             |       |     1 |     9 |    18 |    65 |    25 |       |       |       ||   118
       Trident           |       |       |     8 |    55 |   511 |  1129 |   935 |   898 |  1767 ||  5303
       Mace              |       |       |       |     4 |    18 |       |       |       |       ||    22
       Battleaxe         |       |       |       |       |    20 |       |       |       |       ||    20
       Bardiche          |       |       |       |       |     6 |       |       |       |       ||     6
       Unarmed           |       |       |       |       |       |     4 |       |       |       ||     4
       War axe           |       |       |       |       |       |       |       |       |    80 ||    80
       Broad axe         |       |       |       |       |       |       |       |       |   977 ||   977
       Kick              |       |       |       |       |       |       |       |       |   317 ||   317
       Demon blade       |       |       |       |       |       |       |       |       |    15 ||    15
       Staff             |       |       |       |       |       |       |       |       |     5 ||     5
 Fire: Hunting sling     |       |       |       |       |       |       |    17 |       |       ||    17
Throw: Javelin           |     1 |    16 |    24 |    12 |    21 |       |       |    20 |   112 ||   206
       Stone             |       |     2 |    32 |     3 |       |       |       |       |       ||    37
       Dart              |       |       |    48 |   103 |    61 |   232 |    22 |       |       ||   466
       Boomerang         |       |       |       |   132 |   387 |       |    80 |   180 |     1 ||   780
       Throwing net      |       |       |       |     2 |       |       |       |       |     3 ||     5
 Cast: Confuse           |       |       |       |    17 |   101 |    20 |     3 |     2 |    11 ||   154
       Spectral Weapon   |       |       |       |     2 |    10 |    23 |     1 |       |     6 ||    42
       Regeneration      |       |       |       |     1 |    10 |    66 |    13 |     7 |    69 ||   166
       Shroud of Golubri |       |       |       |       |    15 |    73 |    11 |     3 |    17 ||   119
       Mephitic Cloud    |       |       |       |       |    12 |    72 |    16 |     3 |    19 ||   122
       Tukima's Dance    |       |       |       |       |     4 |       |     1 |    32 |     6 ||    43
       Slow              |       |       |       |       |       |    20 |       |       |       ||    20
       Ensorcelled Hiber |       |       |       |       |       |     2 |     6 |       |       ||     8
       Borgnjor's Vile C |       |       |       |       |       |     6 |    86 |    74 |   282 ||   448
       Vampiric Draining |       |       |       |       |       |       |       |     4 |       ||     4
       Freezing Cloud    |       |       |       |       |       |       |       |       |    32 ||    32
       Summon Lightning  |       |       |       |       |       |       |       |       |    25 ||    25
       Force Lance       |       |       |       |       |       |       |       |       |     2 ||     2
       Ignition          |       |       |       |       |       |       |       |       |   224 ||   224
       Statue Form       |       |       |       |       |       |       |       |       |    54 ||    54
       Apportation       |       |       |       |       |       |       |       |       |     8 ||     8
       Blink             |       |       |       |       |       |       |       |       |     4 ||     4
       Deflect Missiles  |       |       |       |       |       |       |       |       |     3 ||     3
       Passage of Golubr |       |       |       |       |       |       |       |       |     1 ||     1
Invok: Call Merchant     |       |       |       |     1 |     4 |     1 |       |       |     7 ||    13
       Potion Petition   |       |       |       |       |       |     1 |       |       |     1 ||     2
       Bribe Branch      |       |       |       |       |       |       |       |       |     1 ||     1
 Abil: Evoke Invisibilit |       |       |       |       |       |     6 |       |       |       ||     6
       End Transformatio |       |       |       |       |       |       |       |       |     1 ||     1
Evoke: Wand              |       |       |     1 |    12 |     5 |    27 |    10 |    19 |    49 ||   123
       Sack of spiders   |       |       |       |       |     2 |    11 |       |       |     4 ||    17
       Lightning rod     |       |       |       |       |       |     6 |       |       |       ||     6
       Fan of gales      |       |       |       |       |       |     1 |       |       |       ||     1
       Box of beasts     |       |       |       |       |       |       |       |       |     9 ||     9
       Phantom mirror    |       |       |       |       |       |       |       |       |     3 ||     3
       Lamp of fire      |       |       |       |       |       |       |       |       |     2 ||     2
  Use: Scroll            |       |     7 |    14 |    12 |    26 |    20 |     7 |     4 |    73 ||   163
       Potion            |       |       |     1 |     1 |    24 |    11 |     2 |     3 |    41 ||    83
 Stab: Sleeping          |     4 |     4 |     8 |     3 |     2 |     2 |    14 |       |       ||    37
       Confused          |       |       |       |    17 |    30 |    59 |    12 |     4 |    33 ||   155
       Distracted        |       |       |       |     1 |    13 |    12 |     8 |     4 |    58 ||    96
       Held in net/web   |       |       |       |     1 |       |     2 |       |       |       ||     3
       Invisible         |       |       |       |       |       |    17 |       |       |     3 ||    20
       Fleeing           |       |       |       |       |       |     1 |       |       |       ||     1
       Petrified         |       |       |       |       |       |       |       |       |     6 ||     6
       Petrifying        |       |       |       |       |       |       |       |       |     2 ||     2
  Eat: Chunk             |       |     6 |    16 |    10 |       |       |       |       |       ||    32
       Ration            |       |       |       |     7 |    16 |    12 |     9 |     8 |    45 ||    97
Armor: Leather armour    |     6 |       |       |       |       |       |       |       |       ||     6
       Ring mail         |    17 |    28 |   108 |   103 |       |       |       |       |       ||   256
       Chain mail        |       |       |       |    94 |   567 |   521 |   151 |     5 |       ||  1338
       Gold dragon scale |       |       |       |       |       |       |       |   254 |   586 ||   840
       Skin              |       |       |       |       |       |       |       |       |   254 ||   254
       Robe              |       |       |       |       |       |       |       |       |    72 ||    72
Dodge: Dodged            |    46 |    83 |   256 |   387 |   655 |  1004 |   298 |   235 |  1319 ||  4283
       Deflected         |       |       |       |       |       |       |       |       |    31 ||    31
Block: Shield            |       |       |       |       |       |   793 |   711 |   704 |  3201 ||  5409
       Reflection        |       |       |       |       |       |     6 |    71 |     9 |    23 ||   109
       Rpst.: Demon blade |       |       |       |       |       |       |       |       |     1 ||     1
